Workbook
Name Auxiliar: #REF!
Name Auxiliar: #REF!
Name Auxiliar: #REF!
Name Auxiliar: #REF!
Name Auxiliar: #REF!
Name Auxiliar: #REF!
Name CUSTO_VALE_TRANSPORTE: #REF!
Name CUSTO_VALE_TRANSPORTE: #REF!
Name CUSTO_VALE_TRANSPORTE: #REF!
Name CUSTO_VALE_TRANSPORTE: #REF!
Name CUSTO_VALE_TRANSPORTE: #REF!
Name ecwece4c: #REF!
Name ecwece4c: #REF!
Name ecwece4c: #REF!
Name ecwece4c: #REF!
Name ecwece4c: #REF!
Name MOMB4: '[1]SERVENTE MANUTENCAO'!$I$144
Name MONA1: #REF!
Name MONA1: #REF!
Name MONA1: #REF!
Name MONA1: #REF!
Name MONA1: #REF!
Name MONA1: #REF!
Name MONA2: #REF!
Name MONA2: #REF!
Name MONA2: #REF!
Name MONA2: #REF!
Name MONA2: #REF!
Name MONA3: [2]HIDRAULICO!$I$138
Name MONA4: '[2]SERVENTE (AUX PRODUCAO)'!$I$138
Name MONA5: #REF!
Name MONA5: #REF!
Name MONA5: #REF!
Name MONA5: #REF!
Name MONA5: #REF!
Name MONA5: #REF!
Name MONA6: #REF!
Name MONA6: #REF!
Name MONA6: #REF!
Name MONA6: #REF!
Name MONA6: #REF!
Name MONA7: #REF!
Name MONA7: #REF!
Name MONA7: #REF!
Name MONA7: #REF!
Name MONA7: #REF!
Name MONA8: [2]MECANICO_REFRIGERACAO!$I$138
Name MONB1: #REF!
Name MONB1: #REF!
Name MONB1: #REF!
Name MONB1: #REF!
Name MONB1: #REF!
Name MONB1: #REF!
Name MONB2: #REF!
Name MONB2: #REF!
Name MONB2: #REF!
Name MONB2: #REF!
Name MONB2: #REF!
Name MONB3: [2]HIDRAULICO!$I$144
Name MONB4: '[2]SERVENTE (AUX PRODUCAO)'!$I$144

Sheet Dia Poa
A1: PLANILHA DE CUSTOS E FORMAÇÃO DE PREÇOS DE SERVIÇOS CONTINUADOS COM DEDICAÇÃO EXCLUSIVA DE MÃO DE OBRA (ANEXO III - DECRETOS 52.768 de 15.12.2015) | J1: É de responsabilidade exclusiva do participante do certame o correto preenchimento, bem como a conferência de todos os dados constantes da tabela de composição de custos, especialmente no que se refere a salários, ISS, vale-alimentação, vale-transporte, demais benefícios, alíquotas, hora intervalar, transporte, uniformes/EPI, seguro de vida, materiais/equipamentos, depreciação, despesas administrativas e margem de lucro. Deverão ser rigorosamente observadas as disposições da legislação aplicável, inclusive aquelas previstas em Acordos e Convenções Coletivas de Trabalho vigentes na respectiva localidade, nos termos estabelecidos no Termo de Dispensa de Licitação.
A2: PROCESSO: | C2: 26/0435-0003938-6 | E2: REGIME DE TRIBUTAÇÃO: LUCRO REAL e PRESUMIDO (*)
A3: LICITAÇÃO/EDITAL | E3: ABERTURA:
A5: Cargo/Função: | D5: Vigilante Diurno | G5: =IF(D6="12x36","Regime de trabalho:","Quantidade de HORAS/MÊS") -> Regime de trabalho: | I5: =IF(D6="12x36",D6,5*D6) -> 12x36
A6: =IF(D6="12x36","Regime de trabalho:","Regime de trabalho (horas semanais):") -> Regime de trabalho: | D6: 12x36
A7: Convenção Coletiva de Trabalho: | D7: RS000776/2026 | G7: INSALUBRIDADE (10%, 20%, 40%) | I7: Não aplicável
A8: Origem do salário: | D8: RS000776/2026
A9: Cidade: | D9: Porto Alegre/RS | G9: PERICULOSIDADE (30%) | I9: 0.3
A10: Salário Normativo | G10: Vlr. do salário e nº de horas correspondentes | H10: 220 | I10: 2211
A11: ISS | H11: Alíquota | I11: 0.025
A12: Adicional Troca de Uniforme (somente para postos de vigilantes que preveem pagamento para troca de uniforme na CCT) | G12: CCT | H12: Valor | I12: 1.67
A13: Quantidade de dias trabalhados no mês | I13: 15
A14: Tarifa Transporte | G14: CCT | H14: Vr. Unitário | I14: 5.3
H15: Dias | I15: 15
H16: Desconto | I16: 0.06
A17: Auxílio Alimentação | G17: CCT | H17: Vr. Unitário | I17: 33
H18: Dias | I18: =I13 -> 15
H19: Desconto | I19: 0.2
A20: Auxílio Lanche | G20: CCT | H20: Vr. Unitário | I20: Não aplicável
H21: Dias | I21: Não aplicável
H22: Desconto | I22: Não aplicável
A23: Outros benefícios que refletem na planilha de custos, caso constem na CCT: Prêmio por assiduidade | G23: CCT | H23: Valor mensal | I23: 80
A24: Adicional de Supervisor (37%) | H24: Porcentagem | I24: Não aplicável
A25: Base de cálculo da insalubridade | H25: Valor | I25: Não aplicável
A26: Quantitativo de horas trabalhadas em feriados no mês (estimado) - Não aplicável para postos 12x36 | H26: Horas por mês | I26: Não aplicável
H27: Acréscimo da hora extra | I27: Não aplicável
A28: Hora Intervalar | H28: Horas por mês | I28: 15
A29: Sem fornecimento de materiais ou apenas fornecimento de EPIs ou uniformes, utilizar 10%. Com fornecimento de materiais ou equipamentos, utilizar 20%. (Decreto 52.768/2015, alterado pelo Decreto 53.424/2017) | H29: Porcentagem | I29: 0.2
A35: MONTANTE A
A36: I | B36: Remuneração - Grupo I | H36: % | I36: Valor Mensal/unidade de serviço (R$)
A37: 1 | B37: Salário | H37: =I37/$I$48 -> 0.75891285 | I37: =IF(D6="12x36",I10,I10/H10*I5) -> 2211
A38: =A37+1 -> 2 | B38: Adicional Periculosidade 30% | H38: =I38/$I$48 -> 0.23076923 | I38: =IF(I9=30%,(I37+I45+I46)*I9,0) -> 672.318
A39: =A38+1 -> 3 | B39: Adicional Insalubridade 10% (Ver súmula 228 e 139 TST) | H39: =I39/$I$48 -> 0 | I39: =IF(I7=10%,I25*I7,0) -> 0
A40: =A39+1 -> 4 | B40: Adicional Insalubridade 20% (Ver súmula 228 e 139 TST) | H40: =I40/$I$48 -> 0 | I40: =IF(I7=20%,I25*I7,0) -> 0
A41: =A40+1 -> 5 | B41: Adicional Insalubridade 40% (Ver súmula 228 e 139 TST) | H41: =I41/$I$48 -> 0 | I41: =IF(I7=40%,I25*I7,0) -> 0
A42: =A41+1 -> 6 | B42: Adicional de Supervisor (IN 05/2017 MPOG SLTI) | H42: =I42/$I$48 -> 0 | I42: =IF(I24="Não aplicável",0,I37*I24) -> 0
A43: =A42+1 -> 7 | B43: Feriados | H43: =I43/$I$48 -> 0 | I43: =IF(I26="Não aplicável",0,(I37+I38+I39+I40+I41+I42+I47)/I5*I26*(1+I27)) -> 0
A44: =A43+1 -> 8 | B44: DSR = número total das horas extras do mês / número de dias úteis X domingos e feriados do mês X valor da hora extra com acréscimo | H44: =I44/$I$48 -> 0 | I44: =IF(I26="Não aplicável",0,I26/I13*5*(I10/H10*(1+I27))) -> 0
A45: =A44+1 -> 9 | B45: Adicional Troca de Uniforme | H45: =I45/$I$48 -> 0.0085982663 | I45: =I12*I13 -> 25.05
A46: =A45+1 -> 10 | B46: Integração RSF (20% sobre Ad.Troca de Uniforme - somente para vigilantes) | H46: =I46/$I$48 -> 0.0017196533 | I46: =I45*20% -> 5.01
A47: =A46+1 -> 11 | B47: =IF(D6="12x36","Para postos 12x36 os feriados são considerados compensados, conforme parágrafo único, Art. 59-A da CLT","Outros") -> Para postos 12x36 os feriados são considerados compensados, conforme parágrafo único, Art. 59-A da CLT | H47: =I47/$I$48 -> 0 | I47: 0
A48: Total de Remuneração | H48: =SUM(H37:H47) -> 1 | I48: =SUM(I37:I47) -> 2913.378
A57: II | B57: Encargos Sociais - Grupo II: Obrigações Sociais | H57: % | I57: Valor Mensal/unidade de serviço (R$)
A58: 1 | B58: INSS (art. 22, inc. I, Lei nº 8.212/91) | H58: 0.2 | I58: =$I$48*H58 -> 582.6756
A59: 2 | B59: SESI ou SESC (art. 30, Lei nº 8.036/90) | H59: 0.015 | I59: =$I$48*H59 -> 43.70067
A60: 3 | B60: SENAI ou SENAC (Decreto-Lei nº 2.318/86) | H60: 0.01 | I60: =$I$48*H60 -> 29.13378
A61: 4 | B61: INCRA (art. 15I, Lei Complementar nº 011/71) | H61: 0.002 | I61: =$I$48*H61 -> 5.826756
A62: 5 | B62: SALÁRIO EDUCAÇÃO (art. , inc. I, Decreto nº 87.043/82) | H62: 0.025 | I62: =$I$48*H62 -> 72.83445
A63: 6 | B63: FGTS (art. 15, Lei nº 8.036/90) | H63: 0.08 | I63: =$I$48*H63 -> 233.07024
A64: 7 | B64: SEG. ACIDENTE DO TRABALHO 1%, 2% e 3% (art. 22, inc. II, alíneas "b" e "c", da Lei nº 8.212/91) | H64: 0.03 | I64: =$I$48*H64 -> 87.40134
A65: 8 | B65: SEBRAE (§ 3º, art. 8º, Lei nº 8.029/90) | H65: 0.006 | I65: =$I$48*H65 -> 17.480268
A66: Total do Grupo II | H66: =SUM(H58:H65) -> 0.368 | I66: =SUM(I58:I65) -> 1072.1231
A67: Os percentuais para o SAT podem variar de 0,50% a 6,00% em função do Fator de Acidente Previdenciário (FAP), Decreto nº 6.957/2009
A68: Deverá obrigatoriamente acompanhar a proposta de preços e a planilha de custos e formação de preços a prova do Fator Acidentário de Prevenção – FAP por meio de impressão de consulta ao site do Ministério da Previdência Social (que pode ser obtido no endereço eletrônico http://www2.dataprev.gov.br/fap/fap.htm), independentemente de alteração da alíquota da parcela do Seguro Acidente de Trabalho disposta no Quadro II da referida planilha.
A69: III | B69: Encargos Sociais - Grupo III: Tempo Não Trabalhado | H69: % | I69: Valor Mensal/unidade de serviço (R$)
A70: 1 | B70: FÉRIAS GOZADAS + ADICIONAL DE FÉRIAS | H70: 0.119314 | I70: =$I$48*H70 -> 347.60678
A71: 2 | B71: FALTAS ABONADAS (3) | H71: 0.020485 | I71: =$I$48*H71 -> 59.680548
A72: 3 | B72: FALTAS LEGAIS (4) | H72: 0.012127 | I72: =$I$48*H72 -> 35.330535
A73: 4 | B73: LICENÇA MATERNIDADE | H73: 0.0027250794 | I73: =$I$48*H73 -> 7.9391863
A74: 5 | B74: LICENÇA PATERNIDADE | H74: 0.000476 | I74: =$I$48*H74 -> 1.3867679
A75: 6 | B75: ACIDENTE DE TRABALHO | H75: 0.000442 | I75: =$I$48*H75 -> 1.2877131
A76: 7 | B76: AVISO PRÉVIO TRABALHADO | H76: 0.000185 | I76: =$I$48*H76 -> 0.53897493
A77: 8 | B77: 13º SALÁRIO | H77: 0.09079 | I77: =$I$48*H77 -> 264.50559
A78: Total do Grupo III | H78: =SUM(H70:H77) -> 0.24654408 | I78: =SUM(I70:I77) -> 718.2761
A79: (3) | B79: Faltas Justificadas por Auxílio Doença
A80: (4) | B80: Faltas Legais - Art. 473 CLT
A81: IV | B81: Encargos Sociais - Grupo IV: Indenizações | H81: % | I81: Valor Mensal/unidade de serviço (R$)
A82: 1 | B82: INDENIZAÇÕES | H82: 0.048321 | I82: =$I$48*H82 -> 140.77734
A83: 2 | B83: FGTS SOBRE INDENIZAÇÕES | H83: 0.003511 | I83: =$I$48*H83 -> 10.22887
A84: 3 | B84: INDENIZAÇÃO COMPENSATÓRIA POR DEMISSÃO SEM JUSTA CAUSA | H84: 0.019328 | I84: =$I$48*H84 -> 56.30977
A85: Total do Grupo IV | H85: =SUM(H82:H84) -> 0.07116 | I85: =SUM(I82:I84) -> 207.31598
A87: V | B87: Encargos Sociais - Grupo V: Incidências | H87: % | I87: Valor Mensal/unidade de serviço (R$)
A88: 1 | B88: INCIDÊNCIA GRUPO II (Obrigações Sociais) X GRUPO III (Tempo Não Trabalhado) | H88: =(H66*H78) -> 0.090728221 | I88: =$I$48*H88 -> 264.3256
A89: Total do Grupo V | H89: =SUM(H88:H88) -> 0.090728221 | I89: =I88 -> 264.3256
A91: TOTAL DOS ENCARGOS SOCIAIS (II + III + IV + V) | H91: =H66+H78+H85+H89 -> 0.7764323 | I91: =I66+I78+I85+I89 -> 2262.0408
A93: VI | B93: Demais custos relativos à Norma Coletiva ou Disposições Legais - Grupo VI | H93: % | I93: Valor Mensal/unidade de serviço (R$)
A94: 1 | B94: Auxílio Alimentação | H94: =I94/$I$48 -> 0.13592469 | I94: =I111 -> 396
A95: 2 | B95: Auxílio Lanche | H95: =I95/$I$48 -> 0 | I95: =I107 -> 0
A96: 3 | B96: Vale-Transporte⁽⁵⁾ | H96: =I96/$I$48 -> 0.0090410513 | I96: =I103 -> 26.34
A97: 4 | B97: Adicional Intervalar | H97: =I97/$I$48 -> 0.077616087 | I97: =IF(I28="Não aplicável",0,((I10/H10)*1.5*I28)) -> 226.125
A98: 5 | B98: Outros | H98: =I98/$I$48 -> 0.027459533 | I98: =IF(I23="Não aplicável",0,I23) -> 80
A99: Total do Grupo VI | H99: =SUM(H94:H98) -> 0.25004136 | I99: =SUM(I94:I98) -> 728.465
A100: (5) | B100: O valor do vale-transporte pode variar de acordo com o modal fornecido pelo empregador.
A101: MEMÓRIA DE CÁLCULO DO VALE TRANSPORTE
A102: Valor Unitário | C102: Dias de Trabalho | D102: Vale p/dia | E102: Custo total | F102: Base de cálculo | G102: Percentual de desconto | H102: Valor desconto | I102: Custo efetivo
A103: =IF(I14="Não aplicável",0,I14) -> 5.3 | C103: =IF(I15="Não aplicável",0,I15) -> 15 | D103: 2 | E103: =A103*C103*D103 -> 159 | F103: =I37 -> 2211 | G103: =IF(I16="Não aplicável",0,I16) -> 0.06 | H103: =F103*G103 -> 132.66 | I103: =IF((E103-H103)>0,E103-H103,0) -> 26.34
A105: MEMÓRIA DE CÁLCULO DO VALE LANCHE
A106: Valor Unitário | C106: Dias por mês | D106: Vale p/dia | E106: Custo total | F106: Base de cálculo | G106: Percentual de desconto | H106: Valor desconto | I106: Custo efetivo
A107: =IF(I20="Não aplicável",0,I20) -> 0 | C107: =IF(I21="Não aplicável",0,I21) -> 0 | D107: 1 | E107: =A107*C107*D107 -> 0 | F107: =E107 -> 0 | G107: =IF(I22="Não aplicável",0,I22) -> 0 | H107: =F107*G107 -> 0 | I107: =E107-H107 -> 0
A109: MEMÓRIA DE CÁLCULO DO VALE ALIMENTAÇÃO
A110: Valor Unitário | C110: Dias por mês | D110: Vale p/dia | E110: Custo total | F110: Base de cálculo | G110: Percentual de desconto | H110: =H102 -> Valor desconto | I110: Custo efetivo
A111: =IF(I17="Não aplicável",0,I17) -> 33 | C111: =IF(I18="Não aplicável",0,I18) -> 15 | D111: 1 | E111: =A111*C111*D111 -> 495 | F111: =E111 -> 495 | G111: =IF(I19="Não aplicável",0,I19) -> 0.2 | H111: =F111*G111 -> 99 | I111: =E111-H111 -> 396
A113: TOTAL DO MONTANTE A (I + II + III+ IV + V +VI) | H113: =H48+H91+H99 -> 2.0264737 | I113: =I48+I91+I99 -> 5903.8838
A115: MONTANTE B
A116: I | B116: Despesas Diretas | H116: % | I116: Valor Mensal/unidade de serviço (R$)
A117: 1 | B117: Transporte (6) | H117: =I117/$I$129 -> 0 | I117: 0
A118: 2 | B118: Uniformes/EPI (6a) | H118: =I118/$I$129 -> 0 | I118: =IF(F127=10%,G127,0) -> 0
A119: 3 | B119: Seguro de vida | H119: =I119/$I$129 -> 0 | I119: 0
A120: 4 | B120: Materiais/Equipamentos (7) | H120: =I120/$I$129 -> 0 | I120: =Equipamentos!D24 -> 0
A121: 5 | B121: Depreciação de equipamentos (8) | H121: =I121/$I$129 -> 0 | I121: 0
...

Sheet Noite Poa
A1: PLANILHA DE CUSTOS E FORMAÇÃO DE PREÇOS DE SERVIÇOS CONTINUADOS COM DEDICAÇÃO EXCLUSIVA DE MÃO DE OBRA (ANEXO III - DECRETOS 52.768 de 15.12.2015) | J1: É de responsabilidade exclusiva do participante do certame o correto preenchimento, bem como a conferência de todos os dados constantes da tabela de composição de custos, especialmente no que se refere a salários, ISS, vale-alimentação, vale-transporte, demais benefícios, alíquotas, hora intervalar, transporte, uniformes/EPI, seguro de vida, materiais/equipamentos, depreciação, despesas administrativas e margem de lucro. Deverão ser rigorosamente observadas as disposições da legislação aplicável, inclusive aquelas previstas em Acordos e Convenções Coletivas de Trabalho vigentes na respectiva localidade, nos termos estabelecidos no Termo de Dispensa de Licitação.
A2: PROCESSO: | C2: 26/0435-0003938-6 | E2: REGIME DE TRIBUTAÇÃO: LUCRO REAL e PRESUMIDO (*)
A3: LICITAÇÃO/EDITAL | E3: ABERTURA:
A5: Cargo/Função: | D5: Vigilante Noturno | G5: =IF(D6="12x36","Regime de trabalho:","Quantidade de HORAS/MÊS") -> Regime de trabalho: | I5: =IF(D6="12x36",D6,5*D6) -> 12x36
A6: =IF(D6="12x36","Regime de trabalho:","Regime de trabalho (horas semanais):") -> Regime de trabalho: | D6: 12x36
A7: Convenção Coletiva de Trabalho: | D7: RS000776/2026 | G7: INSALUBRIDADE (10%, 20%, 40%) | I7: Não aplicável
A8: Origem do salário: | D8: RS000776/2026
A9: Cidade: | D9: Porto Alegre/RS | G9: PERICULOSIDADE (30%) | I9: 0.3
A10: Salário Normativo | G10: Vlr. do salário e nº de horas correspondentes | H10: 220 | I10: 2211
A11: ISS | G11: =D9 -> Porto Alegre/RS | H11: Alíquota | I11: 0.025
A12: Adicional Troca de Uniforme (somente para postos de vigilantes que preveem pagamento para troca de uniforme na CCT) | G12: CCT | H12: Valor | I12: 1.67
A13: Quantidade de dias trabalhados no mês | I13: 15
A14: Tarifa Transporte | G14: CCT | H14: Vr. Unitário | I14: 5.3
H15: Dias | I15: 15
H16: Desconto | I16: 0.06
A17: Vale Alimentação | G17: CCT | H17: Vr. Unitário | I17: 33
H18: Dias | I18: 15
H19: Desconto | I19: 0.2
A20: Auxílio Lanche | G20: CCT | H20: Vr. Unitário | I20: Não aplicável
H21: Dias | I21: Não aplicável
H22: Desconto | I22: Não aplicável
A23: Outros benefícios que refletem na planilha de custos, caso constem na CCT: Prêmio por assiduidade | G23: CCT | H23: Valor mensal | I23: 80
A24: Adicional de Supervisor (37%) | H24: Porcentagem | I24: Não aplicável
A25: Base de cálculo da insalubridade | H25: Valor | I25: Não aplicável
A26: Quantitativo de horas trabalhadas em feriados no mês (estimado) - Não aplicável para postos 12x36 | H26: Horas por mês | I26: Não aplicável
H27: Acréscimo da hora extra | I27: Não aplicável
A28: Hora Intervalar (somente para postos 12x36, quando for o caso) | H28: Horas por mês | I28: 15
A29: Sem fornecimento de materiais ou apenas fornecimento de EPIs ou uniformes, utilizar 10%. Com fornecimento de materiais ou equipamentos, utilizar 20%. (Decreto 52.768/2015, alterado pelo Decreto 53.424/2017) | H29: Porcentagem | I29: 0.2
A30: Adicional Noturno: Horas: [(60/52,5) x Nº de horas noturnas diárias] x Nº de dias trabalhados com hora noturna Valor hora: (vlr. do salário/nº de horas correspondente do salário) x 20% (noturno) | G30: CCT | H30: Nº horas | I30: =((60/52.5)*7)*15 -> 120
H31: Vr. Hora | I31: =I10/H10*20% -> 2.01
A32: Reduzida Noturna Horas Reduzidas: 60/52,5=1,143 x 7h noturnas = 8h noturnas 5h diurnas + 8h noturnas = 13h X 15 dias = 195 horas mensais 195h - 190,67 = 4,33 horas Valor hora: (vlr. do salário/nº de horas correspondente do salário) x 150% (H.Extra) | G32: CCT | H32: Nº horas | I32: =((5+7+1)*15)-190.67 -> 4.33
H33: Vr. Hora | I33: =(I10/H10)*1.5 -> 15.075
A35: MONTANTE A
A36: I | B36: Remuneração - Grupo I | H36: % | I36: Valor Mensal/unidade de serviço (R$)
A37: 1 | B37: Salário | H37: =I37/$I$55 -> 0.63472086 | I37: =IF(D6="12x36",I10,I10/H10*I5) -> 2211
A38: =A37+1 -> 2 | B38: Adicional Noturno 20% (Ver súmula 60 TST) | H38: =I38/$I$55 -> 0 | I38: 0
A39: =A38+1 -> 3 | B39: Adicional Periculosidade 30% | H39: =I39/$I$55 -> 0.22467824 | I39: =IF(I9=30%,(I37+I53+I46+I49+I52+I54)*I9,0) -> 782.64891
A40: =A39+1 -> 4 | B40: Adicional Insalubridade 10% (Ver súmula 228 e 139 TST) | H40: =I40/$I$55 -> 0 | I40: =IF(I7=10%,I25*I7,0) -> 0
A41: =A40+1 -> 5 | B41: Adicional Insalubridade 20% (Ver súmula 228 e 139 TST) | H41: =I41/$I$55 -> 0 | I41: =IF(I7=20%,I25*I7,0) -> 0
A42: =A41+1 -> 6 | B42: Adicional Insalubridade 40% (Ver súmula 228 e 139 TST) | H42: =I42/$I$55 -> 0 | I42: =IF(I7=40%,I25*I7,0) -> 0
A43: =A42+1 -> 7 | B43: Adicional de Supervisor (IN 05/2017 MPOG SLTI) | H43: =I43/$I$55 -> 0 | I43: =IF(I24="Não aplicável",0,I37*I24) -> 0
A44: =A43+1 -> 8 | B44: Feriados | H44: =I44/$I$55 -> 0 | I44: =IF(I26="Não aplicável",0,(I37+I38+I39+I40+I41+I42+I43+#REF!)/I5*I26*(1+I27)) -> 0
A45: =A44+1 -> 9 | B45: DSR = número total das horas extras do mês / número de dias úteis X domingos e feriados do mês X valor da hora extra com acréscimo | H45: =I45/$I$55 -> 0 | I45: =IF(I26="Não aplicável",0,I26/I13*5*(I10/H10*(1+I27))) -> 0
A46: =A45+1 -> 10 | B46: Reduzida Noturna | H46: =I46/$I$55 -> 0.018738691 | I46: =I32*I33 -> 65.27475
A47: =A46+1 -> 11 | B47: Adicional de insalubridade sobre Reduzida Noturna | H47: =I47/$I$55 -> 0 | I47: =IF(OR(I7=10%,I7=20%,I7=40%),I46*I7,0) -> 0
A48: =A47+1 -> 12 | B48: Adicional de periculosidade sobre Reduzida Noturna | H48: =I48/$I$55 -> 0.0056216073 | I48: =IF(I9=30%,I46*I9,0) -> 19.582425
A49: =A48+1 -> 13 | B49: Adicional Noturno | H49: =I49/$I$55 -> 0.069242276 | I49: =I30*I31 -> 241.2
A50: =A49+1 -> 14 | B50: Adicional de insalubridade sobre o Adicional Noturno | H50: =I50/$I$55 -> 0 | I50: =IF(OR(I7=10%,I7=20%,I7=40%),I49*I7,0) -> 0
A51: =A50+1 -> 15 | B51: Adicional de periculosidade sobre o Adicional Noturno | H51: =I51/$I$55 -> 0.020772683 | I51: =IF(I9=30%,I49*I9,0) -> 72.36
A52: =A51+1 -> 16 | B52: Integração RSRF (20%) sobre H. Extra Red. Noturna e Adic Noturno = [Reduzida Noturna + Adic. Noturno]*[Descanso Semanal Remunerado] (20%) | H52: =I52/$I$55 -> 0.017596193 | I52: =(I46+I49)*0.2 -> 61.29495
A53: =A52+1 -> 17 | B53: Adicional Troca de Uniforme | H53: =I53/$I$55 -> 0.0071912065 | I53: =I12*I13 -> 25.05
A54: =A53+1 -> 18 | B54: Integração RSF (20% sobre Ad.Troca de Uniforme) | H54: =I54/$I$55 -> 0.0014382413 | I54: =I53*20% -> 5.01
A55: Total de Remuneração | H55: =SUM(H37:H54) -> 1 | I55: =SUM(I37:I54) -> 3483.421
A57: II | B57: Encargos Sociais - Grupo II: Obrigações Sociais | H57: % | I57: Valor Mensal/unidade de serviço (R$)
A58: 1 | B58: INSS (art. 22, inc. I, Lei nº 8.212/91) | H58: 0.2 | I58: =$I$55*H58 -> 696.68421
A59: 2 | B59: SESI ou SESC (art. 30, Lei nº 8.036/90) | H59: 0.015 | I59: =$I$55*H59 -> 52.251316
A60: 3 | B60: SENAI ou SENAC (Decreto-Lei nº 2.318/86) | H60: 0.01 | I60: =$I$55*H60 -> 34.83421
A61: 4 | B61: INCRA (art. 15I, Lei Complementar nº 011/71) | H61: 0.002 | I61: =$I$55*H61 -> 6.9668421
A62: 5 | B62: SALÁRIO EDUCAÇÃO (art. , inc. I, Decreto nº 87.043/82) | H62: 0.025 | I62: =$I$55*H62 -> 87.085526
A63: 6 | B63: FGTS (art. 15, Lei nº 8.036/90) | H63: 0.08 | I63: =$I$55*H63 -> 278.67368
A64: 7 | B64: SEG. ACIDENTE DO TRABALHO 1%, 2% e 3% (art. 22, inc. II, alíneas "b" e "c", da Lei nº 8.212/91) | H64: 0.03 | I64: =$I$55*H64 -> 104.50263
A65: 8 | B65: SEBRAE (§ 3º, art. 8º, Lei nº 8.029/90) | H65: 0.006 | I65: =$I$55*H65 -> 20.900526
A66: Total do Grupo II | H66: =SUM(H58:H65) -> 0.368 | I66: =SUM(I58:I65) -> 1281.8989
A67: Os percentuais para o SAT podem variar de 0,50% a 6,00% em função do Fator de Acidente Previdenciário (FAP), Decreto nº 6.957/2009
A68: Deverá obrigatoriamente acompanhar a proposta de preços e a planilha de custos e formação de preços a prova do Fator Acidentário de Prevenção – FAP por meio de impressão de consulta ao site do Ministério da Previdência Social (que pode ser obtido no endereço eletrônico http://www2.dataprev.gov.br/fap/fap.htm), independentemente de alteração da alíquota da parcela do Seguro Acidente de Trabalho disposta no Quadro II da referida planilha.
A69: III | B69: Encargos Sociais - Grupo III: Tempo Não Trabalhado | H69: % | I69: Valor Mensal/unidade de serviço (R$)
A70: 1 | B70: FÉRIAS GOZADAS + ADICIONAL DE FÉRIAS | H70: 0.119314 | I70: =$I$55*H70 -> 415.6209
A71: 2 | B71: FALTAS ABONADAS (3) | H71: 0.020479 | I71: =$I$55*H71 -> 71.336979
A72: 3 | B72: FALTAS LEGAIS (4) | H72: 0.012123 | I72: =$I$55*H72 -> 42.229513
A73: 4 | B73: LICENÇA MATERNIDADE | H73: 0.011436 | I73: =$I$55*H73 -> 39.836403
A74: 5 | B74: LICENÇA PATERNIDADE | H74: 0.000174 | I74: =$I$55*H74 -> 0.60611526
A75: 6 | B75: ACIDENTE DE TRABALHO | H75: 0.000442 | I75: =$I$55*H75 -> 1.5396721
A76: 7 | B76: AVISO PRÉVIO TRABALHADO | H76: 0.000185 | I76: =$I$55*H76 -> 0.64443289
A77: 8 | B77: 13º SALÁRIO | H77: 0.09079 | I77: =$I$55*H77 -> 316.2598
A78: Total do Grupo III | H78: =SUM(H70:H77) -> 0.254943 | I78: =SUM(I70:I77) -> 888.07381
A79: (3) | B79: Faltas Justificadas por Auxílio Doença
A80: (4) | B80: Faltas Legais - Art. 473 CLT
A81: IV | B81: Encargos Sociais - Grupo IV: Indenizações | H81: % | I81: Valor Mensal/unidade de serviço (R$)
A82: 1 | B82: INDENIZAÇÕES | H82: 0.048321 | I82: =$I$55*H82 -> 168.32239
A83: 2 | B83: FGTS SOBRE INDENIZAÇÕES | H83: 0.003511 | I83: =$I$55*H83 -> 12.230291
A84: 3 | B84: INDENIZAÇÃO COMPENSATÓRIA POR DEMISSÃO SEM JUSTA CAUSA | H84: 0.019328 | I84: =$I$55*H84 -> 67.327562
A85: Total do Grupo IV | H85: =SUM(H82:H84) -> 0.07116 | I85: =SUM(I82:I84) -> 247.88024
A87: V | B87: Encargos Sociais - Grupo V: Incidências | H87: % | I87: Valor Mensal/unidade de serviço (R$)
A88: 1 | B88: INCIDÊNCIA GRUPO II (Obrigações Sociais) X GRUPO III (Tempo Não Trabalhado) | H88: =(H66*H78) -> 0.093819024 | I88: =$I$55*H88 -> 326.81116
A89: Total do Grupo V | H89: =SUM(H88:H88) -> 0.093819024 | I89: =I88 -> 326.81116
A91: TOTAL DOS ENCARGOS SOCIAIS (II + III + IV + V) | H91: =H66+H78+H85+H89 -> 0.78792202 | I91: =I66+I78+I85+I89 -> 2744.6642
A93: VI | B93: Demais custos relativos à Norma Coletiva ou Disposições Legais - Grupo VI | H93: % | I93: Valor Mensal/unidade de serviço (R$)
A94: 1 | B94: Auxílio Alimentação | H94: =I94/$I$55 -> 0.11368135 | I94: =I111 -> 396
A95: 2 | B95: Auxílio Lanche | H95: =I95/$I$55 -> 0 | I95: =I107 -> 0
A96: 3 | B96: Vale-Transporte⁽⁵⁾ | H96: =I96/$I$55 -> 0.0075615321 | I96: =I103 -> 26.34
A97: 4 | B97: Adicional Intervalar | H97: =I97/$I$55 -> 0.064914634 | I97: =IF(I28="Não aplicável",0,((I10/H10)*1.5*I28)) -> 226.125
A98: 5 | B98: Outros | H98: =I98/$I$55 -> 0.022965929 | I98: =IF(I23="Não aplicável",0,I23) -> 80
A99: Total do Grupo VI | H99: =SUM(H94:H98) -> 0.20912344 | I99: =SUM(I94:I98) -> 728.465
A101: MEMÓRIA DE CÁLCULO DO VALE TRANSPORTE
A102: Valor Unitário | C102: Dias de Trabalho | D102: Vale p/dia | E102: Custo total | F102: Base de cálculo | G102: Percentual de desconto | H102: Valor desconto | I102: Custo efetivo
A103: =IF(I14="Não aplicável",0,I14) -> 5.3 | C103: =IF(I15="Não aplicável",0,I15) -> 15 | D103: 2 | E103: =A103*C103*D103 -> 159 | F103: =I37 -> 2211 | G103: =IF(I16="Não aplicável",0,I16) -> 0.06 | H103: =F103*G103 -> 132.66 | I103: =IF((E103-H103)>0,E103-H103,0) -> 26.34
A105: MEMÓRIA DE CÁLCULO DO VALE LANCHE
A106: Valor Unitário | C106: Dias por mês | D106: Vale p/dia | E106: Custo total | F106: Base de cálculo | G106: Percentual de desconto | H106: Valor desconto | I106: Custo efetivo
A107: =IF(I20="Não aplicável",0,I20) -> 0 | C107: =IF(I21="Não aplicável",0,I21) -> 0 | D107: 1 | E107: =A107*C107*D107 -> 0 | F107: =E107 -> 0 | G107: =IF(I22="Não aplicável",0,I22) -> 0 | H107: =F107*G107 -> 0 | I107: =E107-H107 -> 0
A109: MEMÓRIA DE CÁLCULO DO VALE ALIMENTAÇÃO
...

Sheet Dia Guaíba
A1: PLANILHA DE CUSTOS E FORMAÇÃO DE PREÇOS DE SERVIÇOS CONTINUADOS COM DEDICAÇÃO EXCLUSIVA DE MÃO DE OBRA (ANEXO III - DECRETOS 52.768 de 15.12.2015) | J1: É de responsabilidade exclusiva do participante do certame o correto preenchimento, bem como a conferência de todos os dados constantes da tabela de composição de custos, especialmente no que se refere a salários, ISS, vale-alimentação, vale-transporte, demais benefícios, alíquotas, hora intervalar, transporte, uniformes/EPI, seguro de vida, materiais/equipamentos, depreciação, despesas administrativas e margem de lucro. Deverão ser rigorosamente observadas as disposições da legislação aplicável, inclusive aquelas previstas em Acordos e Convenções Coletivas de Trabalho vigentes na respectiva localidade, nos termos estabelecidos no Termo de Dispensa de Licitação.
A2: PROCESSO: | C2: 26/0435-0003938-6 | E2: REGIME DE TRIBUTAÇÃO: LUCRO REAL e PRESUMIDO (*)
A3: LICITAÇÃO/EDITAL | E3: ABERTURA:
A5: Cargo/Função: | D5: Vigilante Diurno | G5: =IF(D6="12x36","Regime de trabalho:","Quantidade de HORAS/MÊS") -> Regime de trabalho: | I5: =IF(D6="12x36",D6,5*D6) -> 12x36
A6: =IF(D6="12x36","Regime de trabalho:","Regime de trabalho (horas semanais):") -> Regime de trabalho: | D6: 12x36
A7: Convenção Coletiva de Trabalho: | D7: RS000336/2026 | G7: INSALUBRIDADE (10%, 20%, 40%) | I7: Não aplicável
A8: Origem do salário: | D8: RS000336/2026
A9: Cidade: | D9: Guaíba/RS | G9: PERICULOSIDADE (30%) | I9: 0.3
A10: Salário Normativo | G10: Vlr. do salário e nº de horas correspondentes | H10: 220 | I10: 2211
A11: ISS | H11: Alíquota | I11: 0.025
A12: Adicional Troca de Uniforme (somente para postos de vigilantes que preveem pagamento para troca de uniforme na CCT) | G12: CCT | H12: Valor | I12: 1.67
A13: Quantidade de dias trabalhados no mês | I13: 15
A14: Tarifa Transporte | G14: CCT | H14: Vr. Unitário | I14: 4.75
H15: Dias | I15: 15
H16: Desconto | I16: 0.06
A17: Auxílio Alimentação | G17: CCT | H17: Vr. Unitário | I17: 33
H18: Dias | I18: =I13 -> 15
H19: Desconto | I19: 0.2
A20: Auxílio Lanche | G20: CCT | H20: Vr. Unitário | I20: Não aplicável
H21: Dias | I21: Não aplicável
H22: Desconto | I22: Não aplicável
A23: Outros benefícios que refletem na planilha de custos, caso constem na CCT: Prêmio por assiduidade | G23: CCT | H23: Valor mensal | I23: 80
A24: Adicional de Supervisor (37%) | H24: Porcentagem | I24: Não aplicável
A25: Base de cálculo da insalubridade | H25: Valor | I25: Não aplicável
A26: Quantitativo de horas trabalhadas em feriados no mês (estimado) - Não aplicável para postos 12x36 | H26: Horas por mês | I26: Não aplicável
H27: Acréscimo da hora extra | I27: Não aplicável
A28: Hora Intervalar | H28: Horas por mês | I28: 15
A29: Sem fornecimento de materiais ou apenas fornecimento de EPIs ou uniformes, utilizar 10%. Com fornecimento de materiais ou equipamentos, utilizar 20%. (Decreto 52.768/2015, alterado pelo Decreto 53.424/2017) | H29: Porcentagem | I29: 0.2
A35: MONTANTE A
A36: I | B36: Remuneração - Grupo I | H36: % | I36: Valor Mensal/unidade de serviço (R$)
A37: 1 | B37: Salário | H37: =I37/$I$48 -> 0.75891285 | I37: =IF(D6="12x36",I10,I10/H10*I5) -> 2211
A38: =A37+1 -> 2 | B38: Adicional Periculosidade 30% | H38: =I38/$I$48 -> 0.23076923 | I38: =IF(I9=30%,(I37+I45+I46)*I9,0) -> 672.318
A39: =A38+1 -> 3 | B39: Adicional Insalubridade 10% (Ver súmula 228 e 139 TST) | H39: =I39/$I$48 -> 0 | I39: =IF(I7=10%,I25*I7,0) -> 0
A40: =A39+1 -> 4 | B40: Adicional Insalubridade 20% (Ver súmula 228 e 139 TST) | H40: =I40/$I$48 -> 0 | I40: =IF(I7=20%,I25*I7,0) -> 0
A41: =A40+1 -> 5 | B41: Adicional Insalubridade 40% (Ver súmula 228 e 139 TST) | H41: =I41/$I$48 -> 0 | I41: =IF(I7=40%,I25*I7,0) -> 0
A42: =A41+1 -> 6 | B42: Adicional de Supervisor (IN 05/2017 MPOG SLTI) | H42: =I42/$I$48 -> 0 | I42: =IF(I24="Não aplicável",0,I37*I24) -> 0
A43: =A42+1 -> 7 | B43: Feriados | H43: =I43/$I$48 -> 0 | I43: =IF(I26="Não aplicável",0,(I37+I38+I39+I40+I41+I42+I47)/I5*I26*(1+I27)) -> 0
A44: =A43+1 -> 8 | B44: DSR = número total das horas extras do mês / número de dias úteis X domingos e feriados do mês X valor da hora extra com acréscimo | H44: =I44/$I$48 -> 0 | I44: =IF(I26="Não aplicável",0,I26/I13*5*(I10/H10*(1+I27))) -> 0
A45: =A44+1 -> 9 | B45: Adicional Troca de Uniforme | H45: =I45/$I$48 -> 0.0085982663 | I45: =I12*I13 -> 25.05
A46: =A45+1 -> 10 | B46: Integração RSF (20% sobre Ad.Troca de Uniforme - somente para vigilantes) | H46: =I46/$I$48 -> 0.0017196533 | I46: =I45*20% -> 5.01
A47: =A46+1 -> 11 | B47: =IF(D6="12x36","Para postos 12x36 os feriados são considerados compensados, conforme parágrafo único, Art. 59-A da CLT","Outros") -> Para postos 12x36 os feriados são considerados compensados, conforme parágrafo único, Art. 59-A da CLT | H47: =I47/$I$48 -> 0 | I47: 0
A48: Total de Remuneração | H48: =SUM(H37:H47) -> 1 | I48: =SUM(I37:I47) -> 2913.378
A57: II | B57: Encargos Sociais - Grupo II: Obrigações Sociais | H57: % | I57: Valor Mensal/unidade de serviço (R$)
A58: 1 | B58: INSS (art. 22, inc. I, Lei nº 8.212/91) | H58: 0.2 | I58: =$I$48*H58 -> 582.6756
A59: 2 | B59: SESI ou SESC (art. 30, Lei nº 8.036/90) | H59: 0.015 | I59: =$I$48*H59 -> 43.70067
A60: 3 | B60: SENAI ou SENAC (Decreto-Lei nº 2.318/86) | H60: 0.01 | I60: =$I$48*H60 -> 29.13378
A61: 4 | B61: INCRA (art. 15I, Lei Complementar nº 011/71) | H61: 0.002 | I61: =$I$48*H61 -> 5.826756
A62: 5 | B62: SALÁRIO EDUCAÇÃO (art. , inc. I, Decreto nº 87.043/82) | H62: 0.025 | I62: =$I$48*H62 -> 72.83445
A63: 6 | B63: FGTS (art. 15, Lei nº 8.036/90) | H63: 0.08 | I63: =$I$48*H63 -> 233.07024
A64: 7 | B64: SEG. ACIDENTE DO TRABALHO 1%, 2% e 3% (art. 22, inc. II, alíneas "b" e "c", da Lei nº 8.212/91) | H64: 0.03 | I64: =$I$48*H64 -> 87.40134
A65: 8 | B65: SEBRAE (§ 3º, art. 8º, Lei nº 8.029/90) | H65: 0.006 | I65: =$I$48*H65 -> 17.480268
A66: Total do Grupo II | H66: =SUM(H58:H65) -> 0.368 | I66: =SUM(I58:I65) -> 1072.1231
A67: Os percentuais para o SAT podem variar de 0,50% a 6,00% em função do Fator de Acidente Previdenciário (FAP), Decreto nº 6.957/2009
A68: Deverá obrigatoriamente acompanhar a proposta de preços e a planilha de custos e formação de preços a prova do Fator Acidentário de Prevenção – FAP por meio de impressão de consulta ao site do Ministério da Previdência Social (que pode ser obtido no endereço eletrônico http://www2.dataprev.gov.br/fap/fap.htm), independentemente de alteração da alíquota da parcela do Seguro Acidente de Trabalho disposta no Quadro II da referida planilha.
A69: III | B69: Encargos Sociais - Grupo III: Tempo Não Trabalhado | H69: % | I69: Valor Mensal/unidade de serviço (R$)
A70: 1 | B70: FÉRIAS GOZADAS + ADICIONAL DE FÉRIAS | H70: 0.119314 | I70: =$I$48*H70 -> 347.60678
A71: 2 | B71: FALTAS ABONADAS (3) | H71: 0.020485 | I71: =$I$48*H71 -> 59.680548
A72: 3 | B72: FALTAS LEGAIS (4) | H72: 0.012127 | I72: =$I$48*H72 -> 35.330535
A73: 4 | B73: LICENÇA MATERNIDADE | H73: 0.0027250794 | I73: =$I$48*H73 -> 7.9391863
A74: 5 | B74: LICENÇA PATERNIDADE | H74: 0.000476 | I74: =$I$48*H74 -> 1.3867679
A75: 6 | B75: ACIDENTE DE TRABALHO | H75: 0.000442 | I75: =$I$48*H75 -> 1.2877131
A76: 7 | B76: AVISO PRÉVIO TRABALHADO | H76: 0.000185 | I76: =$I$48*H76 -> 0.53897493
A77: 8 | B77: 13º SALÁRIO | H77: 0.09079 | I77: =$I$48*H77 -> 264.50559
A78: Total do Grupo III | H78: =SUM(H70:H77) -> 0.24654408 | I78: =SUM(I70:I77) -> 718.2761
A79: (3) | B79: Faltas Justificadas por Auxílio Doença
A80: (4) | B80: Faltas Legais - Art. 473 CLT
A81: IV | B81: Encargos Sociais - Grupo IV: Indenizações | H81: % | I81: Valor Mensal/unidade de serviço (R$)
A82: 1 | B82: INDENIZAÇÕES | H82: 0.048321 | I82: =$I$48*H82 -> 140.77734
A83: 2 | B83: FGTS SOBRE INDENIZAÇÕES | H83: 0.003511 | I83: =$I$48*H83 -> 10.22887
A84: 3 | B84: INDENIZAÇÃO COMPENSATÓRIA POR DEMISSÃO SEM JUSTA CAUSA | H84: 0.019328 | I84: =$I$48*H84 -> 56.30977
A85: Total do Grupo IV | H85: =SUM(H82:H84) -> 0.07116 | I85: =SUM(I82:I84) -> 207.31598
A87: V | B87: Encargos Sociais - Grupo V: Incidências | H87: % | I87: Valor Mensal/unidade de serviço (R$)
A88: 1 | B88: INCIDÊNCIA GRUPO II (Obrigações Sociais) X GRUPO III (Tempo Não Trabalhado) | H88: =(H66*H78) -> 0.090728221 | I88: =$I$48*H88 -> 264.3256
A89: Total do Grupo V | H89: =SUM(H88:H88) -> 0.090728221 | I89: =I88 -> 264.3256
A91: TOTAL DOS ENCARGOS SOCIAIS (II + III + IV + V) | H91: =H66+H78+H85+H89 -> 0.7764323 | I91: =I66+I78+I85+I89 -> 2262.0408
A93: VI | B93: Demais custos relativos à Norma Coletiva ou Disposições Legais - Grupo VI | H93: % | I93: Valor Mensal/unidade de serviço (R$)
A94: 1 | B94: Auxílio Alimentação | H94: =I94/$I$48 -> 0.13592469 | I94: =I111 -> 396
A95: 2 | B95: Auxílio Lanche | H95: =I95/$I$48 -> 0 | I95: =I107 -> 0
A96: 3 | B96: Vale-Transporte⁽⁵⁾ | H96: =I96/$I$48 -> 0.0033775226 | I96: =I103 -> 9.84
A97: 4 | B97: Adicional Intervalar | H97: =I97/$I$48 -> 0.077616087 | I97: =IF(I28="Não aplicável",0,((I10/H10)*1.5*I28)) -> 226.125
A98: 5 | B98: Outros | H98: =I98/$I$48 -> 0.027459533 | I98: =IF(I23="Não aplicável",0,I23) -> 80
A99: Total do Grupo VI | H99: =SUM(H94:H98) -> 0.24437783 | I99: =SUM(I94:I98) -> 711.965
A100: (5) | B100: O valor do vale-transporte pode variar de acordo com o modal fornecido pelo empregador.
A101: MEMÓRIA DE CÁLCULO DO VALE TRANSPORTE
A102: Valor Unitário | C102: Dias de Trabalho | D102: Vale p/dia | E102: Custo total | F102: Base de cálculo | G102: Percentual de desconto | H102: Valor desconto | I102: Custo efetivo
A103: =IF(I14="Não aplicável",0,I14) -> 4.75 | C103: =IF(I15="Não aplicável",0,I15) -> 15 | D103: 2 | E103: =A103*C103*D103 -> 142.5 | F103: =I37 -> 2211 | G103: =IF(I16="Não aplicável",0,I16) -> 0.06 | H103: =F103*G103 -> 132.66 | I103: =IF((E103-H103)>0,E103-H103,0) -> 9.84
A105: MEMÓRIA DE CÁLCULO DO VALE LANCHE
A106: Valor Unitário | C106: Dias por mês | D106: Vale p/dia | E106: Custo total | F106: Base de cálculo | G106: Percentual de desconto | H106: Valor desconto | I106: Custo efetivo
A107: =IF(I20="Não aplicável",0,I20) -> 0 | C107: =IF(I21="Não aplicável",0,I21) -> 0 | D107: 1 | E107: =A107*C107*D107 -> 0 | F107: =E107 -> 0 | G107: =IF(I22="Não aplicável",0,I22) -> 0 | H107: =F107*G107 -> 0 | I107: =E107-H107 -> 0
A109: MEMÓRIA DE CÁLCULO DO VALE ALIMENTAÇÃO
A110: Valor Unitário | C110: Dias por mês | D110: Vale p/dia | E110: Custo total | F110: Base de cálculo | G110: Percentual de desconto | H110: =H102 -> Valor desconto | I110: Custo efetivo
A111: =IF(I17="Não aplicável",0,I17) -> 33 | C111: =IF(I18="Não aplicável",0,I18) -> 15 | D111: 1 | E111: =A111*C111*D111 -> 495 | F111: =E111 -> 495 | G111: =IF(I19="Não aplicável",0,I19) -> 0.2 | H111: =F111*G111 -> 99 | I111: =E111-H111 -> 396
A113: TOTAL DO MONTANTE A (I + II + III+ IV + V +VI) | H113: =H48+H91+H99 -> 2.0208101 | I113: =I48+I91+I99 -> 5887.3838
A115: MONTANTE B
A116: I | B116: Despesas Diretas | H116: % | I116: Valor Mensal/unidade de serviço (R$)
A117: 1 | B117: Transporte (6) | H117: =I117/$I$129 -> 0 | I117: 0
A118: 2 | B118: Uniformes/EPI (6a) | H118: =I118/$I$129 -> 0 | I118: =IF(F127=10%,G127,0) -> 0
A119: 3 | B119: Seguro de vida | H119: =I119/$I$129 -> 0 | I119: 0
A120: 4 | B120: Materiais/Equipamentos (7) | H120: =I120/$I$129 -> 0 | I120: =Equipamentos!D24 -> 0
A121: 5 | B121: Depreciação de equipamentos (8) | H121: =I121/$I$129 -> 0 | I121: 0
...

Sheet Noite Guaíba
A1: PLANILHA DE CUSTOS E FORMAÇÃO DE PREÇOS DE SERVIÇOS CONTINUADOS COM DEDICAÇÃO EXCLUSIVA DE MÃO DE OBRA (ANEXO III - DECRETOS 52.768 de 15.12.2015) | J1: É de responsabilidade exclusiva do participante do certame o correto preenchimento, bem como a conferência de todos os dados constantes da tabela de composição de custos, especialmente no que se refere a salários, ISS, vale-alimentação, vale-transporte, demais benefícios, alíquotas, hora intervalar, transporte, uniformes/EPI, seguro de vida, materiais/equipamentos, depreciação, despesas administrativas e margem de lucro. Deverão ser rigorosamente observadas as disposições da legislação aplicável, inclusive aquelas previstas em Acordos e Convenções Coletivas de Trabalho vigentes na respectiva localidade, nos termos estabelecidos no Termo de Dispensa de Licitação.
A2: PROCESSO: | C2: 26/0435-0003938-6 | E2: REGIME DE TRIBUTAÇÃO: LUCRO REAL e PRESUMIDO (*)
A3: LICITAÇÃO/EDITAL | E3: ABERTURA:
A5: Cargo/Função: | D5: Vigilante Noturno | G5: =IF(D6="12x36","Regime de trabalho:","Quantidade de HORAS/MÊS") -> Regime de trabalho: | I5: =IF(D6="12x36",D6,5*D6) -> 12x36
A6: =IF(D6="12x36","Regime de trabalho:","Regime de trabalho (horas semanais):") -> Regime de trabalho: | D6: 12x36
A7: Convenção Coletiva de Trabalho: | D7: RS000336/2026 | G7: INSALUBRIDADE (10%, 20%, 40%) | I7: Não aplicável
A8: Origem do salário: | D8: RS000336/2026
A9: Cidade: | D9: Guaíba/RS | G9: PERICULOSIDADE (30%) | I9: 0.3
A10: Salário Normativo | G10: Vlr. do salário e nº de horas correspondentes | H10: 220 | I10: 2211
A11: ISS | G11: =D9 -> Guaíba/RS | H11: Alíquota | I11: 0.025
A12: Adicional Troca de Uniforme (somente para postos de vigilantes que preveem pagamento para troca de uniforme na CCT) | G12: CCT | H12: Valor | I12: 1.67
A13: Quantidade de dias trabalhados no mês | I13: 15
A14: Tarifa Transporte | G14: CCT | H14: Vr. Unitário | I14: 4.75
H15: Dias | I15: 15
H16: Desconto | I16: 0.06
A17: Vale Alimentação | G17: CCT | H17: Vr. Unitário | I17: 33
H18: Dias | I18: 15
H19: Desconto | I19: 0.2
A20: Auxílio Lanche | G20: CCT | H20: Vr. Unitário | I20: Não aplicável
H21: Dias | I21: Não aplicável
H22: Desconto | I22: Não aplicável
A23: Outros benefícios que refletem na planilha de custos, caso constem na CCT: Prêmio por assiduidade | G23: CCT | H23: Valor mensal | I23: 80
A24: Adicional de Supervisor (37%) | H24: Porcentagem | I24: Não aplicável
A25: Base de cálculo da insalubridade | H25: Valor | I25: Não aplicável
A26: Quantitativo de horas trabalhadas em feriados no mês (estimado) - Não aplicável para postos 12x36 | H26: Horas por mês | I26: Não aplicável
H27: Acréscimo da hora extra | I27: Não aplicável
A28: Hora Intervalar (somente para postos 12x36, quando for o caso) | H28: Horas por mês | I28: 15
A29: Sem fornecimento de materiais ou apenas fornecimento de EPIs ou uniformes, utilizar 10%. Com fornecimento de materiais ou equipamentos, utilizar 20%. (Decreto 52.768/2015, alterado pelo Decreto 53.424/2017) | H29: Porcentagem | I29: 0.2
A30: Adicional Noturno: Horas: [(60/52,5) x Nº de horas noturnas diárias] x Nº de dias trabalhados com hora noturna Valor hora: (vlr. do salário/nº de horas correspondente do salário) x 20% (noturno) | G30: CCT | H30: Nº horas | I30: =((60/52.5)*7)*15 -> 120
H31: Vr. Hora | I31: =I10/H10*20% -> 2.01
A32: Reduzida Noturna Horas Reduzidas: 60/52,5=1,143 x 7h noturnas = 8h noturnas 5h diurnas + 8h noturnas = 13h X 15 dias = 195 horas mensais 195h - 190,67 = 4,33 horas Valor hora: (vlr. do salário/nº de horas correspondente do salário) x 150% (H.Extra) | G32: CCT | H32: Nº horas | I32: =((5+7+1)*15)-190.67 -> 4.33
H33: Vr. Hora | I33: =(I10/H10)*1.5 -> 15.075
A35: MONTANTE A
A36: I | B36: Remuneração - Grupo I | H36: % | I36: Valor Mensal/unidade de serviço (R$)
A37: 1 | B37: Salário | H37: =I37/$I$55 -> 0.63472086 | I37: =IF(D6="12x36",I10,I10/H10*I5) -> 2211
A38: =A37+1 -> 2 | B38: Adicional Noturno 20% (Ver súmula 60 TST) | H38: =I38/$I$55 -> 0 | I38: 0
A39: =A38+1 -> 3 | B39: Adicional Periculosidade 30% | H39: =I39/$I$55 -> 0.22467824 | I39: =IF(I9=30%,(I37+I53+I46+I49+I52+I54)*I9,0) -> 782.64891
A40: =A39+1 -> 4 | B40: Adicional Insalubridade 10% (Ver súmula 228 e 139 TST) | H40: =I40/$I$55 -> 0 | I40: =IF(I7=10%,I25*I7,0) -> 0
A41: =A40+1 -> 5 | B41: Adicional Insalubridade 20% (Ver súmula 228 e 139 TST) | H41: =I41/$I$55 -> 0 | I41: =IF(I7=20%,I25*I7,0) -> 0
A42: =A41+1 -> 6 | B42: Adicional Insalubridade 40% (Ver súmula 228 e 139 TST) | H42: =I42/$I$55 -> 0 | I42: =IF(I7=40%,I25*I7,0) -> 0
A43: =A42+1 -> 7 | B43: Adicional de Supervisor (IN 05/2017 MPOG SLTI) | H43: =I43/$I$55 -> 0 | I43: =IF(I24="Não aplicável",0,I37*I24) -> 0
A44: =A43+1 -> 8 | B44: Feriados | H44: =I44/$I$55 -> 0 | I44: =IF(I26="Não aplicável",0,(I37+I38+I39+I40+I41+I42+I43+#REF!)/I5*I26*(1+I27)) -> 0
A45: =A44+1 -> 9 | B45: DSR = número total das horas extras do mês / número de dias úteis X domingos e feriados do mês X valor da hora extra com acréscimo | H45: =I45/$I$55 -> 0 | I45: =IF(I26="Não aplicável",0,I26/I13*5*(I10/H10*(1+I27))) -> 0
A46: =A45+1 -> 10 | B46: Reduzida Noturna | H46: =I46/$I$55 -> 0.018738691 | I46: =I32*I33 -> 65.27475
A47: =A46+1 -> 11 | B47: Adicional de insalubridade sobre Reduzida Noturna | H47: =I47/$I$55 -> 0 | I47: =IF(OR(I7=10%,I7=20%,I7=40%),I46*I7,0) -> 0
A48: =A47+1 -> 12 | B48: Adicional de periculosidade sobre Reduzida Noturna | H48: =I48/$I$55 -> 0.0056216073 | I48: =IF(I9=30%,I46*I9,0) -> 19.582425
A49: =A48+1 -> 13 | B49: Adicional Noturno | H49: =I49/$I$55 -> 0.069242276 | I49: =I30*I31 -> 241.2
A50: =A49+1 -> 14 | B50: Adicional de insalubridade sobre o Adicional Noturno | H50: =I50/$I$55 -> 0 | I50: =IF(OR(I7=10%,I7=20%,I7=40%),I49*I7,0) -> 0
A51: =A50+1 -> 15 | B51: Adicional de periculosidade sobre o Adicional Noturno | H51: =I51/$I$55 -> 0.020772683 | I51: =IF(I9=30%,I49*I9,0) -> 72.36
A52: =A51+1 -> 16 | B52: Integração RSRF (20%) sobre H. Extra Red. Noturna e Adic Noturno = [Reduzida Noturna + Adic. Noturno]*[Descanso Semanal Remunerado] (20%) | H52: =I52/$I$55 -> 0.017596193 | I52: =(I46+I49)*0.2 -> 61.29495
A53: =A52+1 -> 17 | B53: Adicional Troca de Uniforme | H53: =I53/$I$55 -> 0.0071912065 | I53: =I12*I13 -> 25.05
A54: =A53+1 -> 18 | B54: Integração RSF (20% sobre Ad.Troca de Uniforme) | H54: =I54/$I$55 -> 0.0014382413 | I54: =I53*20% -> 5.01
A55: Total de Remuneração | H55: =SUM(H37:H54) -> 1 | I55: =SUM(I37:I54) -> 3483.421
A57: II | B57: Encargos Sociais - Grupo II: Obrigações Sociais | H57: % | I57: Valor Mensal/unidade de serviço (R$)
A58: 1 | B58: INSS (art. 22, inc. I, Lei nº 8.212/91) | H58: 0.2 | I58: =$I$55*H58 -> 696.68421
A59: 2 | B59: SESI ou SESC (art. 30, Lei nº 8.036/90) | H59: 0.015 | I59: =$I$55*H59 -> 52.251316
A60: 3 | B60: SENAI ou SENAC (Decreto-Lei nº 2.318/86) | H60: 0.01 | I60: =$I$55*H60 -> 34.83421
A61: 4 | B61: INCRA (art. 15I, Lei Complementar nº 011/71) | H61: 0.002 | I61: =$I$55*H61 -> 6.9668421
A62: 5 | B62: SALÁRIO EDUCAÇÃO (art. , inc. I, Decreto nº 87.043/82) | H62: 0.025 | I62: =$I$55*H62 -> 87.085526
A63: 6 | B63: FGTS (art. 15, Lei nº 8.036/90) | H63: 0.08 | I63: =$I$55*H63 -> 278.67368
A64: 7 | B64: SEG. ACIDENTE DO TRABALHO 1%, 2% e 3% (art. 22, inc. II, alíneas "b" e "c", da Lei nº 8.212/91) | H64: 0.03 | I64: =$I$55*H64 -> 104.50263
A65: 8 | B65: SEBRAE (§ 3º, art. 8º, Lei nº 8.029/90) | H65: 0.006 | I65: =$I$55*H65 -> 20.900526
A66: Total do Grupo II | H66: =SUM(H58:H65) -> 0.368 | I66: =SUM(I58:I65) -> 1281.8989
A67: Os percentuais para o SAT podem variar de 0,50% a 6,00% em função do Fator de Acidente Previdenciário (FAP), Decreto nº 6.957/2009
A68: Deverá obrigatoriamente acompanhar a proposta de preços e a planilha de custos e formação de preços a prova do Fator Acidentário de Prevenção – FAP por meio de impressão de consulta ao site do Ministério da Previdência Social (que pode ser obtido no endereço eletrônico http://www2.dataprev.gov.br/fap/fap.htm), independentemente de alteração da alíquota da parcela do Seguro Acidente de Trabalho disposta no Quadro II da referida planilha.
A69: III | B69: Encargos Sociais - Grupo III: Tempo Não Trabalhado | H69: % | I69: Valor Mensal/unidade de serviço (R$)
A70: 1 | B70: FÉRIAS GOZADAS + ADICIONAL DE FÉRIAS | H70: 0.119314 | I70: =$I$55*H70 -> 415.6209
A71: 2 | B71: FALTAS ABONADAS (3) | H71: 0.020479 | I71: =$I$55*H71 -> 71.336979
A72: 3 | B72: FALTAS LEGAIS (4) | H72: 0.012123 | I72: =$I$55*H72 -> 42.229513
A73: 4 | B73: LICENÇA MATERNIDADE | H73: 0.011436 | I73: =$I$55*H73 -> 39.836403
A74: 5 | B74: LICENÇA PATERNIDADE | H74: 0.000174 | I74: =$I$55*H74 -> 0.60611526
A75: 6 | B75: ACIDENTE DE TRABALHO | H75: 0.000442 | I75: =$I$55*H75 -> 1.5396721
A76: 7 | B76: AVISO PRÉVIO TRABALHADO | H76: 0.000185 | I76: =$I$55*H76 -> 0.64443289
A77: 8 | B77: 13º SALÁRIO | H77: 0.09079 | I77: =$I$55*H77 -> 316.2598
A78: Total do Grupo III | H78: =SUM(H70:H77) -> 0.254943 | I78: =SUM(I70:I77) -> 888.07381
A79: (3) | B79: Faltas Justificadas por Auxílio Doença
A80: (4) | B80: Faltas Legais - Art. 473 CLT
A81: IV | B81: Encargos Sociais - Grupo IV: Indenizações | H81: % | I81: Valor Mensal/unidade de serviço (R$)
A82: 1 | B82: INDENIZAÇÕES | H82: 0.048321 | I82: =$I$55*H82 -> 168.32239
A83: 2 | B83: FGTS SOBRE INDENIZAÇÕES | H83: 0.003511 | I83: =$I$55*H83 -> 12.230291
A84: 3 | B84: INDENIZAÇÃO COMPENSATÓRIA POR DEMISSÃO SEM JUSTA CAUSA | H84: 0.019328 | I84: =$I$55*H84 -> 67.327562
A85: Total do Grupo IV | H85: =SUM(H82:H84) -> 0.07116 | I85: =SUM(I82:I84) -> 247.88024
A87: V | B87: Encargos Sociais - Grupo V: Incidências | H87: % | I87: Valor Mensal/unidade de serviço (R$)
A88: 1 | B88: INCIDÊNCIA GRUPO II (Obrigações Sociais) X GRUPO III (Tempo Não Trabalhado) | H88: =(H66*H78) -> 0.093819024 | I88: =$I$55*H88 -> 326.81116
A89: Total do Grupo V | H89: =SUM(H88:H88) -> 0.093819024 | I89: =I88 -> 326.81116
A91: TOTAL DOS ENCARGOS SOCIAIS (II + III + IV + V) | H91: =H66+H78+H85+H89 -> 0.78792202 | I91: =I66+I78+I85+I89 -> 2744.6642
A93: VI | B93: Demais custos relativos à Norma Coletiva ou Disposições Legais - Grupo VI | H93: % | I93: Valor Mensal/unidade de serviço (R$)
A94: 1 | B94: Auxílio Alimentação | H94: =I94/$I$55 -> 0.11368135 | I94: =I111 -> 396
A95: 2 | B95: Auxílio Lanche | H95: =I95/$I$55 -> 0 | I95: =I107 -> 0
A96: 3 | B96: Vale-Transporte⁽⁵⁾ | H96: =I96/$I$55 -> 0.0028248093 | I96: =I103 -> 9.84
A97: 4 | B97: Adicional Intervalar | H97: =I97/$I$55 -> 0.064914634 | I97: =IF(I28="Não aplicável",0,((I10/H10)*1.5*I28)) -> 226.125
A98: 5 | B98: Outros | H98: =I98/$I$55 -> 0.022965929 | I98: =IF(I23="Não aplicável",0,I23) -> 80
A99: Total do Grupo VI | H99: =SUM(H94:H98) -> 0.20438672 | I99: =SUM(I94:I98) -> 711.965
A101: MEMÓRIA DE CÁLCULO DO VALE TRANSPORTE
A102: Valor Unitário | C102: Dias de Trabalho | D102: Vale p/dia | E102: Custo total | F102: Base de cálculo | G102: Percentual de desconto | H102: Valor desconto | I102: Custo efetivo
A103: =IF(I14="Não aplicável",0,I14) -> 4.75 | C103: =IF(I15="Não aplicável",0,I15) -> 15 | D103: 2 | E103: =A103*C103*D103 -> 142.5 | F103: =I37 -> 2211 | G103: =IF(I16="Não aplicável",0,I16) -> 0.06 | H103: =F103*G103 -> 132.66 | I103: =IF((E103-H103)>0,E103-H103,0) -> 9.84
A105: MEMÓRIA DE CÁLCULO DO VALE LANCHE
A106: Valor Unitário | C106: Dias por mês | D106: Vale p/dia | E106: Custo total | F106: Base de cálculo | G106: Percentual de desconto | H106: Valor desconto | I106: Custo efetivo
A107: =IF(I20="Não aplicável",0,I20) -> 0 | C107: =IF(I21="Não aplicável",0,I21) -> 0 | D107: 1 | E107: =A107*C107*D107 -> 0 | F107: =E107 -> 0 | G107: =IF(I22="Não aplicável",0,I22) -> 0 | H107: =F107*G107 -> 0 | I107: =E107-H107 -> 0
A109: MEMÓRIA DE CÁLCULO DO VALE ALIMENTAÇÃO
...

Sheet Dia Esteio
A1: PLANILHA DE CUSTOS E FORMAÇÃO DE PREÇOS DE SERVIÇOS CONTINUADOS COM DEDICAÇÃO EXCLUSIVA DE MÃO DE OBRA (ANEXO III - DECRETOS 52.768 de 15.12.2015) | J1: É de responsabilidade exclusiva do participante do certame o correto preenchimento, bem como a conferência de todos os dados constantes da tabela de composição de custos, especialmente no que se refere a salários, ISS, vale-alimentação, vale-transporte, demais benefícios, alíquotas, hora intervalar, transporte, uniformes/EPI, seguro de vida, materiais/equipamentos, depreciação, despesas administrativas e margem de lucro. Deverão ser rigorosamente observadas as disposições da legislação aplicável, inclusive aquelas previstas em Acordos e Convenções Coletivas de Trabalho vigentes na respectiva localidade, nos termos estabelecidos no Termo de Dispensa de Licitação.
A2: PROCESSO: | C2: 26/0435-0003938-6 | E2: REGIME DE TRIBUTAÇÃO: LUCRO REAL e PRESUMIDO (*)
A3: LICITAÇÃO/EDITAL | E3: ABERTURA:
A5: Cargo/Função: | D5: Vigilante Diurno | G5: =IF(D6="12x36","Regime de trabalho:","Quantidade de HORAS/MÊS") -> Regime de trabalho: | I5: =IF(D6="12x36",D6,5*D6) -> 12x36
A6: =IF(D6="12x36","Regime de trabalho:","Regime de trabalho (horas semanais):") -> Regime de trabalho: | D6: 12x36
A7: Convenção Coletiva de Trabalho: | D7: RS000750/2026 | G7: INSALUBRIDADE (10%, 20%, 40%) | I7: Não aplicável
A8: Origem do salário: | D8: RS000750/2026
A9: Cidade: | D9: Esteio/RS | G9: PERICULOSIDADE (30%) | I9: 0.3
A10: Salário Normativo | G10: Vlr. do salário e nº de horas correspondentes | H10: 220 | I10: 2211
A11: ISS | H11: Alíquota | I11: 0.025
A12: Adicional Troca de Uniforme (somente para postos de vigilantes que preveem pagamento para troca de uniforme na CCT) | G12: CCT | H12: Valor | I12: 1.67
A13: Quantidade de dias trabalhados no mês | I13: 15
A14: Tarifa Transporte | G14: CCT | H14: Vr. Unitário | I14: 5.3
H15: Dias | I15: 15
H16: Desconto | I16: 0.06
A17: Auxílio Alimentação | G17: CCT | H17: Vr. Unitário | I17: 33
H18: Dias | I18: =I13 -> 15
H19: Desconto | I19: 0.2
A20: Auxílio Lanche | G20: CCT | H20: Vr. Unitário | I20: Não aplicável
H21: Dias | I21: Não aplicável
H22: Desconto | I22: Não aplicável
A23: Outros benefícios que refletem na planilha de custos, caso constem na CCT: Prêmio por assiduidade | G23: CCT | H23: Valor mensal | I23: 80
A24: Adicional de Supervisor (37%) | H24: Porcentagem | I24: Não aplicável
A25: Base de cálculo da insalubridade | H25: Valor | I25: Não aplicável
A26: Quantitativo de horas trabalhadas em feriados no mês (estimado) - Não aplicável para postos 12x36 | H26: Horas por mês | I26: Não aplicável
H27: Acréscimo da hora extra | I27: Não aplicável
A28: Hora Intervalar | H28: Horas por mês | I28: 15
A29: Sem fornecimento de materiais ou apenas fornecimento de EPIs ou uniformes, utilizar 10%. Com fornecimento de materiais ou equipamentos, utilizar 20%. (Decreto 52.768/2015, alterado pelo Decreto 53.424/2017) | H29: Porcentagem | I29: 0.2
A35: MONTANTE A
A36: I | B36: Remuneração - Grupo I | H36: % | I36: Valor Mensal/unidade de serviço (R$)
A37: 1 | B37: Salário | H37: =I37/$I$48 -> 0.75891285 | I37: =IF(D6="12x36",I10,I10/H10*I5) -> 2211
A38: =A37+1 -> 2 | B38: Adicional Periculosidade 30% | H38: =I38/$I$48 -> 0.23076923 | I38: =IF(I9=30%,(I37+I45+I46)*I9,0) -> 672.318
A39: =A38+1 -> 3 | B39: Adicional Insalubridade 10% (Ver súmula 228 e 139 TST) | H39: =I39/$I$48 -> 0 | I39: =IF(I7=10%,I25*I7,0) -> 0
A40: =A39+1 -> 4 | B40: Adicional Insalubridade 20% (Ver súmula 228 e 139 TST) | H40: =I40/$I$48 -> 0 | I40: =IF(I7=20%,I25*I7,0) -> 0
A41: =A40+1 -> 5 | B41: Adicional Insalubridade 40% (Ver súmula 228 e 139 TST) | H41: =I41/$I$48 -> 0 | I41: =IF(I7=40%,I25*I7,0) -> 0
A42: =A41+1 -> 6 | B42: Adicional de Supervisor (IN 05/2017 MPOG SLTI) | H42: =I42/$I$48 -> 0 | I42: =IF(I24="Não aplicável",0,I37*I24) -> 0
A43: =A42+1 -> 7 | B43: Feriados | H43: =I43/$I$48 -> 0 | I43: =IF(I26="Não aplicável",0,(I37+I38+I39+I40+I41+I42+I47)/I5*I26*(1+I27)) -> 0
A44: =A43+1 -> 8 | B44: DSR = número total das horas extras do mês / número de dias úteis X domingos e feriados do mês X valor da hora extra com acréscimo | H44: =I44/$I$48 -> 0 | I44: =IF(I26="Não aplicável",0,I26/I13*5*(I10/H10*(1+I27))) -> 0
A45: =A44+1 -> 9 | B45: Adicional Troca de Uniforme | H45: =I45/$I$48 -> 0.0085982663 | I45: =I12*I13 -> 25.05
A46: =A45+1 -> 10 | B46: Integração RSF (20% sobre Ad.Troca de Uniforme - somente para vigilantes) | H46: =I46/$I$48 -> 0.0017196533 | I46: =I45*20% -> 5.01
A47: =A46+1 -> 11 | B47: =IF(D6="12x36","Para postos 12x36 os feriados são considerados compensados, conforme parágrafo único, Art. 59-A da CLT","Outros") -> Para postos 12x36 os feriados são considerados compensados, conforme parágrafo único, Art. 59-A da CLT | H47: =I47/$I$48 -> 0 | I47: 0
A48: Total de Remuneração | H48: =SUM(H37:H47) -> 1 | I48: =SUM(I37:I47) -> 2913.378
A57: II | B57: Encargos Sociais - Grupo II: Obrigações Sociais | H57: % | I57: Valor Mensal/unidade de serviço (R$)
A58: 1 | B58: INSS (art. 22, inc. I, Lei nº 8.212/91) | H58: 0.2 | I58: =$I$48*H58 -> 582.6756
A59: 2 | B59: SESI ou SESC (art. 30, Lei nº 8.036/90) | H59: 0.015 | I59: =$I$48*H59 -> 43.70067
A60: 3 | B60: SENAI ou SENAC (Decreto-Lei nº 2.318/86) | H60: 0.01 | I60: =$I$48*H60 -> 29.13378
A61: 4 | B61: INCRA (art. 15I, Lei Complementar nº 011/71) | H61: 0.002 | I61: =$I$48*H61 -> 5.826756
A62: 5 | B62: SALÁRIO EDUCAÇÃO (art. , inc. I, Decreto nº 87.043/82) | H62: 0.025 | I62: =$I$48*H62 -> 72.83445
A63: 6 | B63: FGTS (art. 15, Lei nº 8.036/90) | H63: 0.08 | I63: =$I$48*H63 -> 233.07024
A64: 7 | B64: SEG. ACIDENTE DO TRABALHO 1%, 2% e 3% (art. 22, inc. II, alíneas "b" e "c", da Lei nº 8.212/91) | H64: 0.03 | I64: =$I$48*H64 -> 87.40134
A65: 8 | B65: SEBRAE (§ 3º, art. 8º, Lei nº 8.029/90) | H65: 0.006 | I65: =$I$48*H65 -> 17.480268
A66: Total do Grupo II | H66: =SUM(H58:H65) -> 0.368 | I66: =SUM(I58:I65) -> 1072.1231
A67: Os percentuais para o SAT podem variar de 0,50% a 6,00% em função do Fator de Acidente Previdenciário (FAP), Decreto nº 6.957/2009
A68: Deverá obrigatoriamente acompanhar a proposta de preços e a planilha de custos e formação de preços a prova do Fator Acidentário de Prevenção – FAP por meio de impressão de consulta ao site do Ministério da Previdência Social (que pode ser obtido no endereço eletrônico http://www2.dataprev.gov.br/fap/fap.htm), independentemente de alteração da alíquota da parcela do Seguro Acidente de Trabalho disposta no Quadro II da referida planilha.
A69: III | B69: Encargos Sociais - Grupo III: Tempo Não Trabalhado | H69: % | I69: Valor Mensal/unidade de serviço (R$)
A70: 1 | B70: FÉRIAS GOZADAS + ADICIONAL DE FÉRIAS | H70: 0.119314 | I70: =$I$48*H70 -> 347.60678
A71: 2 | B71: FALTAS ABONADAS (3) | H71: 0.020485 | I71: =$I$48*H71 -> 59.680548
A72: 3 | B72: FALTAS LEGAIS (4) | H72: 0.012127 | I72: =$I$48*H72 -> 35.330535
A73: 4 | B73: LICENÇA MATERNIDADE | H73: 0.0027250794 | I73: =$I$48*H73 -> 7.9391863
A74: 5 | B74: LICENÇA PATERNIDADE | H74: 0.000476 | I74: =$I$48*H74 -> 1.3867679
A75: 6 | B75: ACIDENTE DE TRABALHO | H75: 0.000442 | I75: =$I$48*H75 -> 1.2877131
A76: 7 | B76: AVISO PRÉVIO TRABALHADO | H76: 0.000185 | I76: =$I$48*H76 -> 0.53897493
A77: 8 | B77: 13º SALÁRIO | H77: 0.09079 | I77: =$I$48*H77 -> 264.50559
A78: Total do Grupo III | H78: =SUM(H70:H77) -> 0.24654408 | I78: =SUM(I70:I77) -> 718.2761
A79: (3) | B79: Faltas Justificadas por Auxílio Doença
A80: (4) | B80: Faltas Legais - Art. 473 CLT
A81: IV | B81: Encargos Sociais - Grupo IV: Indenizações | H81: % | I81: Valor Mensal/unidade de serviço (R$)
A82: 1 | B82: INDENIZAÇÕES | H82: 0.048321 | I82: =$I$48*H82 -> 140.77734
A83: 2 | B83: FGTS SOBRE INDENIZAÇÕES | H83: 0.003511 | I83: =$I$48*H83 -> 10.22887
A84: 3 | B84: INDENIZAÇÃO COMPENSATÓRIA POR DEMISSÃO SEM JUSTA CAUSA | H84: 0.019328 | I84: =$I$48*H84 -> 56.30977
A85: Total do Grupo IV | H85: =SUM(H82:H84) -> 0.07116 | I85: =SUM(I82:I84) -> 207.31598
A87: V | B87: Encargos Sociais - Grupo V: Incidências | H87: % | I87: Valor Mensal/unidade de serviço (R$)
A88: 1 | B88: INCIDÊNCIA GRUPO II (Obrigações Sociais) X GRUPO III (Tempo Não Trabalhado) | H88: =(H66*H78) -> 0.090728221 | I88: =$I$48*H88 -> 264.3256
A89: Total do Grupo V | H89: =SUM(H88:H88) -> 0.090728221 | I89: =I88 -> 264.3256
A91: TOTAL DOS ENCARGOS SOCIAIS (II + III + IV + V) | H91: =H66+H78+H85+H89 -> 0.7764323 | I91: =I66+I78+I85+I89 -> 2262.0408
A93: VI | B93: Demais custos relativos à Norma Coletiva ou Disposições Legais - Grupo VI | H93: % | I93: Valor Mensal/unidade de serviço (R$)
A94: 1 | B94: Auxílio Alimentação | H94: =I94/$I$48 -> 0.13592469 | I94: =I111 -> 396
A95: 2 | B95: Auxílio Lanche | H95: =I95/$I$48 -> 0 | I95: =I107 -> 0
A96: 3 | B96: Vale-Transporte⁽⁵⁾ | H96: =I96/$I$48 -> 0.0090410513 | I96: =I103 -> 26.34
A97: 4 | B97: Adicional Intervalar | H97: =I97/$I$48 -> 0.077616087 | I97: =IF(I28="Não aplicável",0,((I10/H10)*1.5*I28)) -> 226.125
A98: 5 | B98: Outros | H98: =I98/$I$48 -> 0.027459533 | I98: =IF(I23="Não aplicável",0,I23) -> 80
A99: Total do Grupo VI | H99: =SUM(H94:H98) -> 0.25004136 | I99: =SUM(I94:I98) -> 728.465
A100: (5) | B100: O valor do vale-transporte pode variar de acordo com o modal fornecido pelo empregador.
A101: MEMÓRIA DE CÁLCULO DO VALE TRANSPORTE
A102: Valor Unitário | C102: Dias de Trabalho | D102: Vale p/dia | E102: Custo total | F102: Base de cálculo | G102: Percentual de desconto | H102: Valor desconto | I102: Custo efetivo
A103: =IF(I14="Não aplicável",0,I14) -> 5.3 | C103: =IF(I15="Não aplicável",0,I15) -> 15 | D103: 2 | E103: =A103*C103*D103 -> 159 | F103: =I37 -> 2211 | G103: =IF(I16="Não aplicável",0,I16) -> 0.06 | H103: =F103*G103 -> 132.66 | I103: =IF((E103-H103)>0,E103-H103,0) -> 26.34
A105: MEMÓRIA DE CÁLCULO DO VALE LANCHE
A106: Valor Unitário | C106: Dias por mês | D106: Vale p/dia | E106: Custo total | F106: Base de cálculo | G106: Percentual de desconto | H106: Valor desconto | I106: Custo efetivo
A107: =IF(I20="Não aplicável",0,I20) -> 0 | C107: =IF(I21="Não aplicável",0,I21) -> 0 | D107: 1 | E107: =A107*C107*D107 -> 0 | F107: =E107 -> 0 | G107: =IF(I22="Não aplicável",0,I22) -> 0 | H107: =F107*G107 -> 0 | I107: =E107-H107 -> 0
A109: MEMÓRIA DE CÁLCULO DO VALE ALIMENTAÇÃO
A110: Valor Unitário | C110: Dias por mês | D110: Vale p/dia | E110: Custo total | F110: Base de cálculo | G110: Percentual de desconto | H110: =H102 -> Valor desconto | I110: Custo efetivo
A111: =IF(I17="Não aplicável",0,I17) -> 33 | C111: =IF(I18="Não aplicável",0,I18) -> 15 | D111: 1 | E111: =A111*C111*D111 -> 495 | F111: =E111 -> 495 | G111: =IF(I19="Não aplicável",0,I19) -> 0.2 | H111: =F111*G111 -> 99 | I111: =E111-H111 -> 396
A113: TOTAL DO MONTANTE A (I + II + III+ IV + V +VI) | H113: =H48+H91+H99 -> 2.0264737 | I113: =I48+I91+I99 -> 5903.8838
A115: MONTANTE B
A116: I | B116: Despesas Diretas | H116: % | I116: Valor Mensal/unidade de serviço (R$)
A117: 1 | B117: Transporte (6) | H117: =I117/$I$129 -> 0 | I117: 0
A118: 2 | B118: Uniformes/EPI (6a) | H118: =I118/$I$129 -> 0 | I118: =IF(F127=10%,G127,0) -> 0
A119: 3 | B119: Seguro de vida | H119: =I119/$I$129 -> 0 | I119: 0
A120: 4 | B120: Materiais/Equipamentos (7) | H120: =I120/$I$129 -> 0 | I120: =Equipamentos!D24 -> 0
A121: 5 | B121: Depreciação de equipamentos (8) | H121: =I121/$I$129 -> 0 | I121: 0
...

Sheet Noite Esteio
A1: PLANILHA DE CUSTOS E FORMAÇÃO DE PREÇOS DE SERVIÇOS CONTINUADOS COM DEDICAÇÃO EXCLUSIVA DE MÃO DE OBRA (ANEXO III - DECRETOS 52.768 de 15.12.2015) | J1: É de responsabilidade exclusiva do participante do certame o correto preenchimento, bem como a conferência de todos os dados constantes da tabela de composição de custos, especialmente no que se refere a salários, ISS, vale-alimentação, vale-transporte, demais benefícios, alíquotas, hora intervalar, transporte, uniformes/EPI, seguro de vida, materiais/equipamentos, depreciação, despesas administrativas e margem de lucro. Deverão ser rigorosamente observadas as disposições da legislação aplicável, inclusive aquelas previstas em Acordos e Convenções Coletivas de Trabalho vigentes na respectiva localidade, nos termos estabelecidos no Termo de Dispensa de Licitação.
A2: PROCESSO: | C2: 26/0435-0003938-6 | E2: REGIME DE TRIBUTAÇÃO: LUCRO REAL e PRESUMIDO (*)
A3: LICITAÇÃO/EDITAL | E3: ABERTURA:
A5: Cargo/Função: | D5: Vigilante Noturno | G5: =IF(D6="12x36","Regime de trabalho:","Quantidade de HORAS/MÊS") -> Regime de trabalho: | I5: =IF(D6="12x36",D6,5*D6) -> 12x36
A6: =IF(D6="12x36","Regime de trabalho:","Regime de trabalho (horas semanais):") -> Regime de trabalho: | D6: 12x36
A7: Convenção Coletiva de Trabalho: | D7: RS000750/2026 | G7: INSALUBRIDADE (10%, 20%, 40%) | I7: Não aplicável
A8: Origem do salário: | D8: RS000750/2026
A9: Cidade: | D9: Esteio/RS | G9: PERICULOSIDADE (30%) | I9: 0.3
A10: Salário Normativo | G10: Vlr. do salário e nº de horas correspondentes | H10: 220 | I10: 2211
A11: ISS | G11: =D9 -> Esteio/RS | H11: Alíquota | I11: 0.025
A12: Adicional Troca de Uniforme (somente para postos de vigilantes que preveem pagamento para troca de uniforme na CCT) | G12: CCT | H12: Valor | I12: 1.67
A13: Quantidade de dias trabalhados no mês | I13: 15
A14: Tarifa Transporte | G14: CCT | H14: Vr. Unitário | I14: 5.3
H15: Dias | I15: 15
H16: Desconto | I16: 0.06
A17: Vale Alimentação | G17: CCT | H17: Vr. Unitário | I17: 33
H18: Dias | I18: 15
H19: Desconto | I19: 0.2
A20: Auxílio Lanche | G20: CCT | H20: Vr. Unitário | I20: Não aplicável
H21: Dias | I21: Não aplicável
H22: Desconto | I22: Não aplicável
A23: Outros benefícios que refletem na planilha de custos, caso constem na CCT: Prêmio por assiduidade | G23: CCT | H23: Valor mensal | I23: 80
A24: Adicional de Supervisor (37%) | H24: Porcentagem | I24: Não aplicável
A25: Base de cálculo da insalubridade | H25: Valor | I25: Não aplicável
A26: Quantitativo de horas trabalhadas em feriados no mês (estimado) - Não aplicável para postos 12x36 | H26: Horas por mês | I26: Não aplicável
H27: Acréscimo da hora extra | I27: Não aplicável
A28: Hora Intervalar (somente para postos 12x36, quando for o caso) | H28: Horas por mês | I28: 15
A29: Sem fornecimento de materiais ou apenas fornecimento de EPIs ou uniformes, utilizar 10%. Com fornecimento de materiais ou equipamentos, utilizar 20%. (Decreto 52.768/2015, alterado pelo Decreto 53.424/2017) | H29: Porcentagem | I29: 0.2
A30: Adicional Noturno: Horas: [(60/52,5) x Nº de horas noturnas diárias] x Nº de dias trabalhados com hora noturna Valor hora: (vlr. do salário/nº de horas correspondente do salário) x 20% (noturno) | G30: CCT | H30: Nº horas | I30: =((60/52.5)*7)*15 -> 120
H31: Vr. Hora | I31: =I10/H10*20% -> 2.01
A32: Reduzida Noturna Horas Reduzidas: 60/52,5=1,143 x 7h noturnas = 8h noturnas 5h diurnas + 8h noturnas = 13h X 15 dias = 195 horas mensais 195h - 190,67 = 4,33 horas Valor hora: (vlr. do salário/nº de horas correspondente do salário) x 150% (H.Extra) | G32: CCT | H32: Nº horas | I32: =((5+7+1)*15)-190.67 -> 4.33
H33: Vr. Hora | I33: =(I10/H10)*1.5 -> 15.075
A35: MONTANTE A
A36: I | B36: Remuneração - Grupo I | H36: % | I36: Valor Mensal/unidade de serviço (R$)
A37: 1 | B37: Salário | H37: =I37/$I$55 -> 0.63472086 | I37: =IF(D6="12x36",I10,I10/H10*I5) -> 2211
A38: =A37+1 -> 2 | B38: Adicional Noturno 20% (Ver súmula 60 TST) | H38: =I38/$I$55 -> 0 | I38: 0
A39: =A38+1 -> 3 | B39: Adicional Periculosidade 30% | H39: =I39/$I$55 -> 0.22467824 | I39: =IF(I9=30%,(I37+I53+I46+I49+I52+I54)*I9,0) -> 782.64891
A40: =A39+1 -> 4 | B40: Adicional Insalubridade 10% (Ver súmula 228 e 139 TST) | H40: =I40/$I$55 -> 0 | I40: =IF(I7=10%,I25*I7,0) -> 0
A41: =A40+1 -> 5 | B41: Adicional Insalubridade 20% (Ver súmula 228 e 139 TST) | H41: =I41/$I$55 -> 0 | I41: =IF(I7=20%,I25*I7,0) -> 0
A42: =A41+1 -> 6 | B42: Adicional Insalubridade 40% (Ver súmula 228 e 139 TST) | H42: =I42/$I$55 -> 0 | I42: =IF(I7=40%,I25*I7,0) -> 0
A43: =A42+1 -> 7 | B43: Adicional de Supervisor (IN 05/2017 MPOG SLTI) | H43: =I43/$I$55 -> 0 | I43: =IF(I24="Não aplicável",0,I37*I24) -> 0
A44: =A43+1 -> 8 | B44: Feriados | H44: =I44/$I$55 -> 0 | I44: =IF(I26="Não aplicável",0,(I37+I38+I39+I40+I41+I42+I43+#REF!)/I5*I26*(1+I27)) -> 0
A45: =A44+1 -> 9 | B45: DSR = número total das horas extras do mês / número de dias úteis X domingos e feriados do mês X valor da hora extra com acréscimo | H45: =I45/$I$55 -> 0 | I45: =IF(I26="Não aplicável",0,I26/I13*5*(I10/H10*(1+I27))) -> 0
A46: =A45+1 -> 10 | B46: Reduzida Noturna | H46: =I46/$I$55 -> 0.018738691 | I46: =I32*I33 -> 65.27475
A47: =A46+1 -> 11 | B47: Adicional de insalubridade sobre Reduzida Noturna | H47: =I47/$I$55 -> 0 | I47: =IF(OR(I7=10%,I7=20%,I7=40%),I46*I7,0) -> 0
A48: =A47+1 -> 12 | B48: Adicional de periculosidade sobre Reduzida Noturna | H48: =I48/$I$55 -> 0.0056216073 | I48: =IF(I9=30%,I46*I9,0) -> 19.582425
A49: =A48+1 -> 13 | B49: Adicional Noturno | H49: =I49/$I$55 -> 0.069242276 | I49: =I30*I31 -> 241.2
A50: =A49+1 -> 14 | B50: Adicional de insalubridade sobre o Adicional Noturno | H50: =I50/$I$55 -> 0 | I50: =IF(OR(I7=10%,I7=20%,I7=40%),I49*I7,0) -> 0
A51: =A50+1 -> 15 | B51: Adicional de periculosidade sobre o Adicional Noturno | H51: =I51/$I$55 -> 0.020772683 | I51: =IF(I9=30%,I49*I9,0) -> 72.36
A52: =A51+1 -> 16 | B52: Integração RSRF (20%) sobre H. Extra Red. Noturna e Adic Noturno = [Reduzida Noturna + Adic. Noturno]*[Descanso Semanal Remunerado] (20%) | H52: =I52/$I$55 -> 0.017596193 | I52: =(I46+I49)*0.2 -> 61.29495
A53: =A52+1 -> 17 | B53: Adicional Troca de Uniforme | H53: =I53/$I$55 -> 0.0071912065 | I53: =I12*I13 -> 25.05
A54: =A53+1 -> 18 | B54: Integração RSF (20% sobre Ad.Troca de Uniforme) | H54: =I54/$I$55 -> 0.0014382413 | I54: =I53*20% -> 5.01
A55: Total de Remuneração | H55: =SUM(H37:H54) -> 1 | I55: =SUM(I37:I54) -> 3483.421
A57: II | B57: Encargos Sociais - Grupo II: Obrigações Sociais | H57: % | I57: Valor Mensal/unidade de serviço (R$)
A58: 1 | B58: INSS (art. 22, inc. I, Lei nº 8.212/91) | H58: 0.2 | I58: =$I$55*H58 -> 696.68421
A59: 2 | B59: SESI ou SESC (art. 30, Lei nº 8.036/90) | H59: 0.015 | I59: =$I$55*H59 -> 52.251316
A60: 3 | B60: SENAI ou SENAC (Decreto-Lei nº 2.318/86) | H60: 0.01 | I60: =$I$55*H60 -> 34.83421
A61: 4 | B61: INCRA (art. 15I, Lei Complementar nº 011/71) | H61: 0.002 | I61: =$I$55*H61 -> 6.9668421
A62: 5 | B62: SALÁRIO EDUCAÇÃO (art. , inc. I, Decreto nº 87.043/82) | H62: 0.025 | I62: =$I$55*H62 -> 87.085526
A63: 6 | B63: FGTS (art. 15, Lei nº 8.036/90) | H63: 0.08 | I63: =$I$55*H63 -> 278.67368
A64: 7 | B64: SEG. ACIDENTE DO TRABALHO 1%, 2% e 3% (art. 22, inc. II, alíneas "b" e "c", da Lei nº 8.212/91) | H64: 0.03 | I64: =$I$55*H64 -> 104.50263
A65: 8 | B65: SEBRAE (§ 3º, art. 8º, Lei nº 8.029/90) | H65: 0.006 | I65: =$I$55*H65 -> 20.900526
A66: Total do Grupo II | H66: =SUM(H58:H65) -> 0.368 | I66: =SUM(I58:I65) -> 1281.8989
A67: Os percentuais para o SAT podem variar de 0,50% a 6,00% em função do Fator de Acidente Previdenciário (FAP), Decreto nº 6.957/2009
A68: Deverá obrigatoriamente acompanhar a proposta de preços e a planilha de custos e formação de preços a prova do Fator Acidentário de Prevenção – FAP por meio de impressão de consulta ao site do Ministério da Previdência Social (que pode ser obtido no endereço eletrônico http://www2.dataprev.gov.br/fap/fap.htm), independentemente de alteração da alíquota da parcela do Seguro Acidente de Trabalho disposta no Quadro II da referida planilha.
A69: III | B69: Encargos Sociais - Grupo III: Tempo Não Trabalhado | H69: % | I69: Valor Mensal/unidade de serviço (R$)
A70: 1 | B70: FÉRIAS GOZADAS + ADICIONAL DE FÉRIAS | H70: 0.119314 | I70: =$I$55*H70 -> 415.6209
A71: 2 | B71: FALTAS ABONADAS (3) | H71: 0.020479 | I71: =$I$55*H71 -> 71.336979
A72: 3 | B72: FALTAS LEGAIS (4) | H72: 0.012123 | I72: =$I$55*H72 -> 42.229513
A73: 4 | B73: LICENÇA MATERNIDADE | H73: 0.011436 | I73: =$I$55*H73 -> 39.836403
A74: 5 | B74: LICENÇA PATERNIDADE | H74: 0.000174 | I74: =$I$55*H74 -> 0.60611526
A75: 6 | B75: ACIDENTE DE TRABALHO | H75: 0.000442 | I75: =$I$55*H75 -> 1.5396721
A76: 7 | B76: AVISO PRÉVIO TRABALHADO | H76: 0.000185 | I76: =$I$55*H76 -> 0.64443289
A77: 8 | B77: 13º SALÁRIO | H77: 0.09079 | I77: =$I$55*H77 -> 316.2598
A78: Total do Grupo III | H78: =SUM(H70:H77) -> 0.254943 | I78: =SUM(I70:I77) -> 888.07381
A79: (3) | B79: Faltas Justificadas por Auxílio Doença
A80: (4) | B80: Faltas Legais - Art. 473 CLT
A81: IV | B81: Encargos Sociais - Grupo IV: Indenizações | H81: % | I81: Valor Mensal/unidade de serviço (R$)
A82: 1 | B82: INDENIZAÇÕES | H82: 0.048321 | I82: =$I$55*H82 -> 168.32239
A83: 2 | B83: FGTS SOBRE INDENIZAÇÕES | H83: 0.003511 | I83: =$I$55*H83 -> 12.230291
A84: 3 | B84: INDENIZAÇÃO COMPENSATÓRIA POR DEMISSÃO SEM JUSTA CAUSA | H84: 0.019328 | I84: =$I$55*H84 -> 67.327562
A85: Total do Grupo IV | H85: =SUM(H82:H84) -> 0.07116 | I85: =SUM(I82:I84) -> 247.88024
A87: V | B87: Encargos Sociais - Grupo V: Incidências | H87: % | I87: Valor Mensal/unidade de serviço (R$)
A88: 1 | B88: INCIDÊNCIA GRUPO II (Obrigações Sociais) X GRUPO III (Tempo Não Trabalhado) | H88: =(H66*H78) -> 0.093819024 | I88: =$I$55*H88 -> 326.81116
A89: Total do Grupo V | H89: =SUM(H88:H88) -> 0.093819024 | I89: =I88 -> 326.81116
A91: TOTAL DOS ENCARGOS SOCIAIS (II + III + IV + V) | H91: =H66+H78+H85+H89 -> 0.78792202 | I91: =I66+I78+I85+I89 -> 2744.6642
A93: VI | B93: Demais custos relativos à Norma Coletiva ou Disposições Legais - Grupo VI | H93: % | I93: Valor Mensal/unidade de serviço (R$)
A94: 1 | B94: Auxílio Alimentação | H94: =I94/$I$55 -> 0.11368135 | I94: =I111 -> 396
A95: 2 | B95: Auxílio Lanche | H95: =I95/$I$55 -> 0 | I95: =I107 -> 0
A96: 3 | B96: Vale-Transporte⁽⁵⁾ | H96: =I96/$I$55 -> 0.0075615321 | I96: =I103 -> 26.34
A97: 4 | B97: Adicional Intervalar | H97: =I97/$I$55 -> 0.064914634 | I97: =IF(I28="Não aplicável",0,((I10/H10)*1.5*I28)) -> 226.125
A98: 5 | B98: Outros | H98: =I98/$I$55 -> 0.022965929 | I98: =IF(I23="Não aplicável",0,I23) -> 80
A99: Total do Grupo VI | H99: =SUM(H94:H98) -> 0.20912344 | I99: =SUM(I94:I98) -> 728.465
A101: MEMÓRIA DE CÁLCULO DO VALE TRANSPORTE
A102: Valor Unitário | C102: Dias de Trabalho | D102: Vale p/dia | E102: Custo total | F102: Base de cálculo | G102: Percentual de desconto | H102: Valor desconto | I102: Custo efetivo
A103: =IF(I14="Não aplicável",0,I14) -> 5.3 | C103: =IF(I15="Não aplicável",0,I15) -> 15 | D103: 2 | E103: =A103*C103*D103 -> 159 | F103: =I37 -> 2211 | G103: =IF(I16="Não aplicável",0,I16) -> 0.06 | H103: =F103*G103 -> 132.66 | I103: =IF((E103-H103)>0,E103-H103,0) -> 26.34
A105: MEMÓRIA DE CÁLCULO DO VALE LANCHE
A106: Valor Unitário | C106: Dias por mês | D106: Vale p/dia | E106: Custo total | F106: Base de cálculo | G106: Percentual de desconto | H106: Valor desconto | I106: Custo efetivo
A107: =IF(I20="Não aplicável",0,I20) -> 0 | C107: =IF(I21="Não aplicável",0,I21) -> 0 | D107: 1 | E107: =A107*C107*D107 -> 0 | F107: =E107 -> 0 | G107: =IF(I22="Não aplicável",0,I22) -> 0 | H107: =F107*G107 -> 0 | I107: =E107-H107 -> 0
A109: MEMÓRIA DE CÁLCULO DO VALE ALIMENTAÇÃO
...

Sheet Dia Lajeado
A1: PLANILHA DE CUSTOS E FORMAÇÃO DE PREÇOS DE SERVIÇOS CONTINUADOS COM DEDICAÇÃO EXCLUSIVA DE MÃO DE OBRA (ANEXO III - DECRETOS 52.768 de 15.12.2015) | J1: É de responsabilidade exclusiva do participante do certame o correto preenchimento, bem como a conferência de todos os dados constantes da tabela de composição de custos, especialmente no que se refere a salários, ISS, vale-alimentação, vale-transporte, demais benefícios, alíquotas, hora intervalar, transporte, uniformes/EPI, seguro de vida, materiais/equipamentos, depreciação, despesas administrativas e margem de lucro. Deverão ser rigorosamente observadas as disposições da legislação aplicável, inclusive aquelas previstas em Acordos e Convenções Coletivas de Trabalho vigentes na respectiva localidade, nos termos estabelecidos no Termo de Dispensa de Licitação.
A2: PROCESSO: | C2: 26/0435-0003938-6 | E2: REGIME DE TRIBUTAÇÃO: LUCRO REAL e PRESUMIDO (*)
A3: LICITAÇÃO/EDITAL | E3: ABERTURA:
A5: Cargo/Função: | D5: Vigilante Diurno | G5: =IF(D6="12x36","Regime de trabalho:","Quantidade de HORAS/MÊS") -> Regime de trabalho: | I5: =IF(D6="12x36",D6,5*D6) -> 12x36
A6: =IF(D6="12x36","Regime de trabalho:","Regime de trabalho (horas semanais):") -> Regime de trabalho: | D6: 12x36
A7: Convenção Coletiva de Trabalho: | D7: RS000387/2026 | G7: INSALUBRIDADE (10%, 20%, 40%) | I7: Não aplicável
A8: Origem do salário: | D8: RS000387/2026
A9: Cidade: | D9: Lajeado/RS | G9: PERICULOSIDADE (30%) | I9: 0.3
A10: Salário Normativo | G10: Vlr. do salário e nº de horas correspondentes | H10: 220 | I10: 2211
A11: ISS | H11: Alíquota | I11: 0.025
A12: Adicional Troca de Uniforme (somente para postos de vigilantes que preveem pagamento para troca de uniforme na CCT) | G12: CCT | H12: Valor | I12: 1.67
A13: Quantidade de dias trabalhados no mês | I13: 15
A14: Tarifa Transporte | G14: CCT | H14: Vr. Unitário | I14: 6
H15: Dias | I15: 15
H16: Desconto | I16: 0.06
A17: Auxílio Alimentação | G17: CCT | H17: Vr. Unitário | I17: 33
H18: Dias | I18: =I13 -> 15
H19: Desconto | I19: 0.2
A20: Auxílio Lanche | G20: CCT | H20: Vr. Unitário | I20: Não aplicável
H21: Dias | I21: Não aplicável
H22: Desconto | I22: Não aplicável
A23: Outros benefícios que refletem na planilha de custos, caso constem na CCT: Prêmio por assiduidade | G23: CCT | H23: Valor mensal | I23: 80
A24: Adicional de Supervisor (37%) | H24: Porcentagem | I24: Não aplicável
A25: Base de cálculo da insalubridade | H25: Valor | I25: Não aplicável
A26: Quantitativo de horas trabalhadas em feriados no mês (estimado) - Não aplicável para postos 12x36 | H26: Horas por mês | I26: Não aplicável
H27: Acréscimo da hora extra | I27: Não aplicável
A28: Hora Intervalar | H28: Horas por mês | I28: 15
A29: Sem fornecimento de materiais ou apenas fornecimento de EPIs ou uniformes, utilizar 10%. Com fornecimento de materiais ou equipamentos, utilizar 20%. (Decreto 52.768/2015, alterado pelo Decreto 53.424/2017) | H29: Porcentagem | I29: 0.2
A35: MONTANTE A
A36: I | B36: Remuneração - Grupo I | H36: % | I36: Valor Mensal/unidade de serviço (R$)
A37: 1 | B37: Salário | H37: =I37/$I$48 -> 0.75891285 | I37: =IF(D6="12x36",I10,I10/H10*I5) -> 2211
A38: =A37+1 -> 2 | B38: Adicional Periculosidade 30% | H38: =I38/$I$48 -> 0.23076923 | I38: =IF(I9=30%,(I37+I45+I46)*I9,0) -> 672.318
A39: =A38+1 -> 3 | B39: Adicional Insalubridade 10% (Ver súmula 228 e 139 TST) | H39: =I39/$I$48 -> 0 | I39: =IF(I7=10%,I25*I7,0) -> 0
A40: =A39+1 -> 4 | B40: Adicional Insalubridade 20% (Ver súmula 228 e 139 TST) | H40: =I40/$I$48 -> 0 | I40: =IF(I7=20%,I25*I7,0) -> 0
A41: =A40+1 -> 5 | B41: Adicional Insalubridade 40% (Ver súmula 228 e 139 TST) | H41: =I41/$I$48 -> 0 | I41: =IF(I7=40%,I25*I7,0) -> 0
A42: =A41+1 -> 6 | B42: Adicional de Supervisor (IN 05/2017 MPOG SLTI) | H42: =I42/$I$48 -> 0 | I42: =IF(I24="Não aplicável",0,I37*I24) -> 0
A43: =A42+1 -> 7 | B43: Feriados | H43: =I43/$I$48 -> 0 | I43: =IF(I26="Não aplicável",0,(I37+I38+I39+I40+I41+I42+I47)/I5*I26*(1+I27)) -> 0
A44: =A43+1 -> 8 | B44: DSR = número total das horas extras do mês / número de dias úteis X domingos e feriados do mês X valor da hora extra com acréscimo | H44: =I44/$I$48 -> 0 | I44: =IF(I26="Não aplicável",0,I26/I13*5*(I10/H10*(1+I27))) -> 0
A45: =A44+1 -> 9 | B45: Adicional Troca de Uniforme | H45: =I45/$I$48 -> 0.0085982663 | I45: =I12*I13 -> 25.05
A46: =A45+1 -> 10 | B46: Integração RSF (20% sobre Ad.Troca de Uniforme - somente para vigilantes) | H46: =I46/$I$48 -> 0.0017196533 | I46: =I45*20% -> 5.01
A47: =A46+1 -> 11 | B47: =IF(D6="12x36","Para postos 12x36 os feriados são considerados compensados, conforme parágrafo único, Art. 59-A da CLT","Outros") -> Para postos 12x36 os feriados são considerados compensados, conforme parágrafo único, Art. 59-A da CLT | H47: =I47/$I$48 -> 0 | I47: 0
A48: Total de Remuneração | H48: =SUM(H37:H47) -> 1 | I48: =SUM(I37:I47) -> 2913.378
A57: II | B57: Encargos Sociais - Grupo II: Obrigações Sociais | H57: % | I57: Valor Mensal/unidade de serviço (R$)
A58: 1 | B58: INSS (art. 22, inc. I, Lei nº 8.212/91) | H58: 0.2 | I58: =$I$48*H58 -> 582.6756
A59: 2 | B59: SESI ou SESC (art. 30, Lei nº 8.036/90) | H59: 0.015 | I59: =$I$48*H59 -> 43.70067
A60: 3 | B60: SENAI ou SENAC (Decreto-Lei nº 2.318/86) | H60: 0.01 | I60: =$I$48*H60 -> 29.13378
A61: 4 | B61: INCRA (art. 15I, Lei Complementar nº 011/71) | H61: 0.002 | I61: =$I$48*H61 -> 5.826756
A62: 5 | B62: SALÁRIO EDUCAÇÃO (art. , inc. I, Decreto nº 87.043/82) | H62: 0.025 | I62: =$I$48*H62 -> 72.83445
A63: 6 | B63: FGTS (art. 15, Lei nº 8.036/90) | H63: 0.08 | I63: =$I$48*H63 -> 233.07024
A64: 7 | B64: SEG. ACIDENTE DO TRABALHO 1%, 2% e 3% (art. 22, inc. II, alíneas "b" e "c", da Lei nº 8.212/91) | H64: 0.03 | I64: =$I$48*H64 -> 87.40134
A65: 8 | B65: SEBRAE (§ 3º, art. 8º, Lei nº 8.029/90) | H65: 0.006 | I65: =$I$48*H65 -> 17.480268
A66: Total do Grupo II | H66: =SUM(H58:H65) -> 0.368 | I66: =SUM(I58:I65) -> 1072.1231
A67: Os percentuais para o SAT podem variar de 0,50% a 6,00% em função do Fator de Acidente Previdenciário (FAP), Decreto nº 6.957/2009
A68: Deverá obrigatoriamente acompanhar a proposta de preços e a planilha de custos e formação de preços a prova do Fator Acidentário de Prevenção – FAP por meio de impressão de consulta ao site do Ministério da Previdência Social (que pode ser obtido no endereço eletrônico http://www2.dataprev.gov.br/fap/fap.htm), independentemente de alteração da alíquota da parcela do Seguro Acidente de Trabalho disposta no Quadro II da referida planilha.
A69: III | B69: Encargos Sociais - Grupo III: Tempo Não Trabalhado | H69: % | I69: Valor Mensal/unidade de serviço (R$)
A70: 1 | B70: FÉRIAS GOZADAS + ADICIONAL DE FÉRIAS | H70: 0.119314 | I70: =$I$48*H70 -> 347.60678
A71: 2 | B71: FALTAS ABONADAS (3) | H71: 0.020485 | I71: =$I$48*H71 -> 59.680548
A72: 3 | B72: FALTAS LEGAIS (4) | H72: 0.012127 | I72: =$I$48*H72 -> 35.330535
A73: 4 | B73: LICENÇA MATERNIDADE | H73: 0.0027250794 | I73: =$I$48*H73 -> 7.9391863
A74: 5 | B74: LICENÇA PATERNIDADE | H74: 0.000476 | I74: =$I$48*H74 -> 1.3867679
A75: 6 | B75: ACIDENTE DE TRABALHO | H75: 0.000442 | I75: =$I$48*H75 -> 1.2877131
A76: 7 | B76: AVISO PRÉVIO TRABALHADO | H76: 0.000185 | I76: =$I$48*H76 -> 0.53897493
A77: 8 | B77: 13º SALÁRIO | H77: 0.09079 | I77: =$I$48*H77 -> 264.50559
A78: Total do Grupo III | H78: =SUM(H70:H77) -> 0.24654408 | I78: =SUM(I70:I77) -> 718.2761
A79: (3) | B79: Faltas Justificadas por Auxílio Doença
A80: (4) | B80: Faltas Legais - Art. 473 CLT
A81: IV | B81: Encargos Sociais - Grupo IV: Indenizações | H81: % | I81: Valor Mensal/unidade de serviço (R$)
A82: 1 | B82: INDENIZAÇÕES | H82: 0.048321 | I82: =$I$48*H82 -> 140.77734
A83: 2 | B83: FGTS SOBRE INDENIZAÇÕES | H83: 0.003511 | I83: =$I$48*H83 -> 10.22887
A84: 3 | B84: INDENIZAÇÃO COMPENSATÓRIA POR DEMISSÃO SEM JUSTA CAUSA | H84: 0.019328 | I84: =$I$48*H84 -> 56.30977
A85: Total do Grupo IV | H85: =SUM(H82:H84) -> 0.07116 | I85: =SUM(I82:I84) -> 207.31598
A87: V | B87: Encargos Sociais - Grupo V: Incidências | H87: % | I87: Valor Mensal/unidade de serviço (R$)
A88: 1 | B88: INCIDÊNCIA GRUPO II (Obrigações Sociais) X GRUPO III (Tempo Não Trabalhado) | H88: =(H66*H78) -> 0.090728221 | I88: =$I$48*H88 -> 264.3256
A89: Total do Grupo V | H89: =SUM(H88:H88) -> 0.090728221 | I89: =I88 -> 264.3256
A91: TOTAL DOS ENCARGOS SOCIAIS (II + III + IV + V) | H91: =H66+H78+H85+H89 -> 0.7764323 | I91: =I66+I78+I85+I89 -> 2262.0408
A93: VI | B93: Demais custos relativos à Norma Coletiva ou Disposições Legais - Grupo VI | H93: % | I93: Valor Mensal/unidade de serviço (R$)
A94: 1 | B94: Auxílio Alimentação | H94: =I94/$I$48 -> 0.13592469 | I94: =I111 -> 396
A95: 2 | B95: Auxílio Lanche | H95: =I95/$I$48 -> 0 | I95: =I107 -> 0
A96: 3 | B96: Vale-Transporte⁽⁵⁾ | H96: =I96/$I$48 -> 0.016249179 | I96: =I103 -> 47.34
A97: 4 | B97: Adicional Intervalar | H97: =I97/$I$48 -> 0.077616087 | I97: =IF(I28="Não aplicável",0,((I10/H10)*1.5*I28)) -> 226.125
A98: 5 | B98: Outros | H98: =I98/$I$48 -> 0.027459533 | I98: =IF(I23="Não aplicável",0,I23) -> 80
A99: Total do Grupo VI | H99: =SUM(H94:H98) -> 0.25724949 | I99: =SUM(I94:I98) -> 749.465
A100: (5) | B100: O valor do vale-transporte pode variar de acordo com o modal fornecido pelo empregador.
A101: MEMÓRIA DE CÁLCULO DO VALE TRANSPORTE
A102: Valor Unitário | C102: Dias de Trabalho | D102: Vale p/dia | E102: Custo total | F102: Base de cálculo | G102: Percentual de desconto | H102: Valor desconto | I102: Custo efetivo
A103: =IF(I14="Não aplicável",0,I14) -> 6 | C103: =IF(I15="Não aplicável",0,I15) -> 15 | D103: 2 | E103: =A103*C103*D103 -> 180 | F103: =I37 -> 2211 | G103: =IF(I16="Não aplicável",0,I16) -> 0.06 | H103: =F103*G103 -> 132.66 | I103: =IF((E103-H103)>0,E103-H103,0) -> 47.34
A105: MEMÓRIA DE CÁLCULO DO VALE LANCHE
A106: Valor Unitário | C106: Dias por mês | D106: Vale p/dia | E106: Custo total | F106: Base de cálculo | G106: Percentual de desconto | H106: Valor desconto | I106: Custo efetivo
A107: =IF(I20="Não aplicável",0,I20) -> 0 | C107: =IF(I21="Não aplicável",0,I21) -> 0 | D107: 1 | E107: =A107*C107*D107 -> 0 | F107: =E107 -> 0 | G107: =IF(I22="Não aplicável",0,I22) -> 0 | H107: =F107*G107 -> 0 | I107: =E107-H107 -> 0
A109: MEMÓRIA DE CÁLCULO DO VALE ALIMENTAÇÃO
A110: Valor Unitário | C110: Dias por mês | D110: Vale p/dia | E110: Custo total | F110: Base de cálculo | G110: Percentual de desconto | H110: =H102 -> Valor desconto | I110: Custo efetivo
A111: =IF(I17="Não aplicável",0,I17) -> 33 | C111: =IF(I18="Não aplicável",0,I18) -> 15 | D111: 1 | E111: =A111*C111*D111 -> 495 | F111: =E111 -> 495 | G111: =IF(I19="Não aplicável",0,I19) -> 0.2 | H111: =F111*G111 -> 99 | I111: =E111-H111 -> 396
A113: TOTAL DO MONTANTE A (I + II + III+ IV + V +VI) | H113: =H48+H91+H99 -> 2.0336818 | I113: =I48+I91+I99 -> 5924.8838
A115: MONTANTE B
A116: I | B116: Despesas Diretas | H116: % | I116: Valor Mensal/unidade de serviço (R$)
A117: 1 | B117: Transporte (6) | H117: =I117/$I$129 -> 0 | I117: 0
A118: 2 | B118: Uniformes/EPI (6a) | H118: =I118/$I$129 -> 0 | I118: =IF(F127=10%,G127,0) -> 0
A119: 3 | B119: Seguro de vida | H119: =I119/$I$129 -> 0 | I119: 0
A120: 4 | B120: Materiais/Equipamentos (7) | H120: =I120/$I$129 -> 0 | I120: =Equipamentos!D24 -> 0
A121: 5 | B121: Depreciação de equipamentos (8) | H121: =I121/$I$129 -> 0 | I121: 0
...

Sheet Noite Lajeado
A1: PLANILHA DE CUSTOS E FORMAÇÃO DE PREÇOS DE SERVIÇOS CONTINUADOS COM DEDICAÇÃO EXCLUSIVA DE MÃO DE OBRA (ANEXO III - DECRETOS 52.768 de 15.12.2015) | J1: É de responsabilidade exclusiva do participante do certame o correto preenchimento, bem como a conferência de todos os dados constantes da tabela de composição de custos, especialmente no que se refere a salários, ISS, vale-alimentação, vale-transporte, demais benefícios, alíquotas, hora intervalar, transporte, uniformes/EPI, seguro de vida, materiais/equipamentos, depreciação, despesas administrativas e margem de lucro. Deverão ser rigorosamente observadas as disposições da legislação aplicável, inclusive aquelas previstas em Acordos e Convenções Coletivas de Trabalho vigentes na respectiva localidade, nos termos estabelecidos no Termo de Dispensa de Licitação.
A2: PROCESSO: | C2: 26/0435-0003938-6 | E2: REGIME DE TRIBUTAÇÃO: LUCRO REAL e PRESUMIDO (*)
A3: LICITAÇÃO/EDITAL | E3: ABERTURA:
A5: Cargo/Função: | D5: Vigilante Noturno | G5: =IF(D6="12x36","Regime de trabalho:","Quantidade de HORAS/MÊS") -> Regime de trabalho: | I5: =IF(D6="12x36",D6,5*D6) -> 12x36
A6: =IF(D6="12x36","Regime de trabalho:","Regime de trabalho (horas semanais):") -> Regime de trabalho: | D6: 12x36
A7: Convenção Coletiva de Trabalho: | D7: RS000387/2026 | G7: INSALUBRIDADE (10%, 20%, 40%) | I7: Não aplicável
A8: Origem do salário: | D8: RS000387/2026
A9: Cidade: | D9: Lajeado/RS | G9: PERICULOSIDADE (30%) | I9: 0.3
A10: Salário Normativo | G10: Vlr. do salário e nº de horas correspondentes | H10: 220 | I10: 2211
A11: ISS | G11: =D9 -> Lajeado/RS | H11: Alíquota | I11: 0.025
A12: Adicional Troca de Uniforme (somente para postos de vigilantes que preveem pagamento para troca de uniforme na CCT) | G12: CCT | H12: Valor | I12: 1.67
A13: Quantidade de dias trabalhados no mês | I13: 15
A14: Tarifa Transporte | G14: CCT | H14: Vr. Unitário | I14: 6
H15: Dias | I15: 15
H16: Desconto | I16: 0.06
A17: Vale Alimentação | G17: CCT | H17: Vr. Unitário | I17: 33
H18: Dias | I18: 15
H19: Desconto | I19: 0.2
A20: Auxílio Lanche | G20: CCT | H20: Vr. Unitário | I20: Não aplicável
H21: Dias | I21: Não aplicável
H22: Desconto | I22: Não aplicável
A23: Outros benefícios que refletem na planilha de custos, caso constem na CCT: Prêmio por assiduidade | G23: CCT | H23: Valor mensal | I23: 80
A24: Adicional de Supervisor (37%) | H24: Porcentagem | I24: Não aplicável
A25: Base de cálculo da insalubridade | H25: Valor | I25: Não aplicável
A26: Quantitativo de horas trabalhadas em feriados no mês (estimado) - Não aplicável para postos 12x36 | H26: Horas por mês | I26: Não aplicável
H27: Acréscimo da hora extra | I27: Não aplicável
A28: Hora Intervalar (somente para postos 12x36, quando for o caso) | H28: Horas por mês | I28: 15
A29: Sem fornecimento de materiais ou apenas fornecimento de EPIs ou uniformes, utilizar 10%. Com fornecimento de materiais ou equipamentos, utilizar 20%. (Decreto 52.768/2015, alterado pelo Decreto 53.424/2017) | H29: Porcentagem | I29: 0.2
A30: Adicional Noturno: Horas: [(60/52,5) x Nº de horas noturnas diárias] x Nº de dias trabalhados com hora noturna Valor hora: (vlr. do salário/nº de horas correspondente do salário) x 20% (noturno) | G30: CCT | H30: Nº horas | I30: =((60/52.5)*7)*15 -> 120
H31: Vr. Hora | I31: =I10/H10*20% -> 2.01
A32: Reduzida Noturna Horas Reduzidas: 60/52,5=1,143 x 7h noturnas = 8h noturnas 5h diurnas + 8h noturnas = 13h X 15 dias = 195 horas mensais 195h - 190,67 = 4,33 horas Valor hora: (vlr. do salário/nº de horas correspondente do salário) x 150% (H.Extra) | G32: CCT | H32: Nº horas | I32: =((5+7+1)*15)-190.67 -> 4.33
H33: Vr. Hora | I33: =(I10/H10)*1.5 -> 15.075
A35: MONTANTE A
A36: I | B36: Remuneração - Grupo I | H36: % | I36: Valor Mensal/unidade de serviço (R$)
A37: 1 | B37: Salário | H37: =I37/$I$55 -> 0.63472086 | I37: =IF(D6="12x36",I10,I10/H10*I5) -> 2211
A38: =A37+1 -> 2 | B38: Adicional Noturno 20% (Ver súmula 60 TST) | H38: =I38/$I$55 -> 0 | I38: 0
A39: =A38+1 -> 3 | B39: Adicional Periculosidade 30% | H39: =I39/$I$55 -> 0.22467824 | I39: =IF(I9=30%,(I37+I53+I46+I49+I52+I54)*I9,0) -> 782.64891
A40: =A39+1 -> 4 | B40: Adicional Insalubridade 10% (Ver súmula 228 e 139 TST) | H40: =I40/$I$55 -> 0 | I40: =IF(I7=10%,I25*I7,0) -> 0
A41: =A40+1 -> 5 | B41: Adicional Insalubridade 20% (Ver súmula 228 e 139 TST) | H41: =I41/$I$55 -> 0 | I41: =IF(I7=20%,I25*I7,0) -> 0
A42: =A41+1 -> 6 | B42: Adicional Insalubridade 40% (Ver súmula 228 e 139 TST) | H42: =I42/$I$55 -> 0 | I42: =IF(I7=40%,I25*I7,0) -> 0
A43: =A42+1 -> 7 | B43: Adicional de Supervisor (IN 05/2017 MPOG SLTI) | H43: =I43/$I$55 -> 0 | I43: =IF(I24="Não aplicável",0,I37*I24) -> 0
A44: =A43+1 -> 8 | B44: Feriados | H44: =I44/$I$55 -> 0 | I44: =IF(I26="Não aplicável",0,(I37+I38+I39+I40+I41+I42+I43+#REF!)/I5*I26*(1+I27)) -> 0
A45: =A44+1 -> 9 | B45: DSR = número total das horas extras do mês / número de dias úteis X domingos e feriados do mês X valor da hora extra com acréscimo | H45: =I45/$I$55 -> 0 | I45: =IF(I26="Não aplicável",0,I26/I13*5*(I10/H10*(1+I27))) -> 0
A46: =A45+1 -> 10 | B46: Reduzida Noturna | H46: =I46/$I$55 -> 0.018738691 | I46: =I32*I33 -> 65.27475
A47: =A46+1 -> 11 | B47: Adicional de insalubridade sobre Reduzida Noturna | H47: =I47/$I$55 -> 0 | I47: =IF(OR(I7=10%,I7=20%,I7=40%),I46*I7,0) -> 0
A48: =A47+1 -> 12 | B48: Adicional de periculosidade sobre Reduzida Noturna | H48: =I48/$I$55 -> 0.0056216073 | I48: =IF(I9=30%,I46*I9,0) -> 19.582425
A49: =A48+1 -> 13 | B49: Adicional Noturno | H49: =I49/$I$55 -> 0.069242276 | I49: =I30*I31 -> 241.2
A50: =A49+1 -> 14 | B50: Adicional de insalubridade sobre o Adicional Noturno | H50: =I50/$I$55 -> 0 | I50: =IF(OR(I7=10%,I7=20%,I7=40%),I49*I7,0) -> 0
A51: =A50+1 -> 15 | B51: Adicional de periculosidade sobre o Adicional Noturno | H51: =I51/$I$55 -> 0.020772683 | I51: =IF(I9=30%,I49*I9,0) -> 72.36
A52: =A51+1 -> 16 | B52: Integração RSRF (20%) sobre H. Extra Red. Noturna e Adic Noturno = [Reduzida Noturna + Adic. Noturno]*[Descanso Semanal Remunerado] (20%) | H52: =I52/$I$55 -> 0.017596193 | I52: =(I46+I49)*0.2 -> 61.29495
A53: =A52+1 -> 17 | B53: Adicional Troca de Uniforme | H53: =I53/$I$55 -> 0.0071912065 | I53: =I12*I13 -> 25.05
A54: =A53+1 -> 18 | B54: Integração RSF (20% sobre Ad.Troca de Uniforme) | H54: =I54/$I$55 -> 0.0014382413 | I54: =I53*20% -> 5.01
A55: Total de Remuneração | H55: =SUM(H37:H54) -> 1 | I55: =SUM(I37:I54) -> 3483.421
A57: II | B57: Encargos Sociais - Grupo II: Obrigações Sociais | H57: % | I57: Valor Mensal/unidade de serviço (R$)
A58: 1 | B58: INSS (art. 22, inc. I, Lei nº 8.212/91) | H58: 0.2 | I58: =$I$55*H58 -> 696.68421
A59: 2 | B59: SESI ou SESC (art. 30, Lei nº 8.036/90) | H59: 0.015 | I59: =$I$55*H59 -> 52.251316
A60: 3 | B60: SENAI ou SENAC (Decreto-Lei nº 2.318/86) | H60: 0.01 | I60: =$I$55*H60 -> 34.83421
A61: 4 | B61: INCRA (art. 15I, Lei Complementar nº 011/71) | H61: 0.002 | I61: =$I$55*H61 -> 6.9668421
A62: 5 | B62: SALÁRIO EDUCAÇÃO (art. , inc. I, Decreto nº 87.043/82) | H62: 0.025 | I62: =$I$55*H62 -> 87.085526
A63: 6 | B63: FGTS (art. 15, Lei nº 8.036/90) | H63: 0.08 | I63: =$I$55*H63 -> 278.67368
A64: 7 | B64: SEG. ACIDENTE DO TRABALHO 1%, 2% e 3% (art. 22, inc. II, alíneas "b" e "c", da Lei nº 8.212/91) | H64: 0.03 | I64: =$I$55*H64 -> 104.50263
A65: 8 | B65: SEBRAE (§ 3º, art. 8º, Lei nº 8.029/90) | H65: 0.006 | I65: =$I$55*H65 -> 20.900526
A66: Total do Grupo II | H66: =SUM(H58:H65) -> 0.368 | I66: =SUM(I58:I65) -> 1281.8989
A67: Os percentuais para o SAT podem variar de 0,50% a 6,00% em função do Fator de Acidente Previdenciário (FAP), Decreto nº 6.957/2009
A68: Deverá obrigatoriamente acompanhar a proposta de preços e a planilha de custos e formação de preços a prova do Fator Acidentário de Prevenção – FAP por meio de impressão de consulta ao site do Ministério da Previdência Social (que pode ser obtido no endereço eletrônico http://www2.dataprev.gov.br/fap/fap.htm), independentemente de alteração da alíquota da parcela do Seguro Acidente de Trabalho disposta no Quadro II da referida planilha.
A69: III | B69: Encargos Sociais - Grupo III: Tempo Não Trabalhado | H69: % | I69: Valor Mensal/unidade de serviço (R$)
A70: 1 | B70: FÉRIAS GOZADAS + ADICIONAL DE FÉRIAS | H70: 0.119314 | I70: =$I$55*H70 -> 415.6209
A71: 2 | B71: FALTAS ABONADAS (3) | H71: 0.020479 | I71: =$I$55*H71 -> 71.336979
A72: 3 | B72: FALTAS LEGAIS (4) | H72: 0.012123 | I72: =$I$55*H72 -> 42.229513
A73: 4 | B73: LICENÇA MATERNIDADE | H73: 0.011436 | I73: =$I$55*H73 -> 39.836403
A74: 5 | B74: LICENÇA PATERNIDADE | H74: 0.000174 | I74: =$I$55*H74 -> 0.60611526
A75: 6 | B75: ACIDENTE DE TRABALHO | H75: 0.000442 | I75: =$I$55*H75 -> 1.5396721
A76: 7 | B76: AVISO PRÉVIO TRABALHADO | H76: 0.000185 | I76: =$I$55*H76 -> 0.64443289
A77: 8 | B77: 13º SALÁRIO | H77: 0.09079 | I77: =$I$55*H77 -> 316.2598
A78: Total do Grupo III | H78: =SUM(H70:H77) -> 0.254943 | I78: =SUM(I70:I77) -> 888.07381
A79: (3) | B79: Faltas Justificadas por Auxílio Doença
A80: (4) | B80: Faltas Legais - Art. 473 CLT
A81: IV | B81: Encargos Sociais - Grupo IV: Indenizações | H81: % | I81: Valor Mensal/unidade de serviço (R$)
A82: 1 | B82: INDENIZAÇÕES | H82: 0.048321 | I82: =$I$55*H82 -> 168.32239
A83: 2 | B83: FGTS SOBRE INDENIZAÇÕES | H83: 0.003511 | I83: =$I$55*H83 -> 12.230291
A84: 3 | B84: INDENIZAÇÃO COMPENSATÓRIA POR DEMISSÃO SEM JUSTA CAUSA | H84: 0.019328 | I84: =$I$55*H84 -> 67.327562
A85: Total do Grupo IV | H85: =SUM(H82:H84) -> 0.07116 | I85: =SUM(I82:I84) -> 247.88024
A87: V | B87: Encargos Sociais - Grupo V: Incidências | H87: % | I87: Valor Mensal/unidade de serviço (R$)
A88: 1 | B88: INCIDÊNCIA GRUPO II (Obrigações Sociais) X GRUPO III (Tempo Não Trabalhado) | H88: =(H66*H78) -> 0.093819024 | I88: =$I$55*H88 -> 326.81116
A89: Total do Grupo V | H89: =SUM(H88:H88) -> 0.093819024 | I89: =I88 -> 326.81116
A91: TOTAL DOS ENCARGOS SOCIAIS (II + III + IV + V) | H91: =H66+H78+H85+H89 -> 0.78792202 | I91: =I66+I78+I85+I89 -> 2744.6642
A93: VI | B93: Demais custos relativos à Norma Coletiva ou Disposições Legais - Grupo VI | H93: % | I93: Valor Mensal/unidade de serviço (R$)
A94: 1 | B94: Auxílio Alimentação | H94: =I94/$I$55 -> 0.11368135 | I94: =I111 -> 396
A95: 2 | B95: Auxílio Lanche | H95: =I95/$I$55 -> 0 | I95: =I107 -> 0
A96: 3 | B96: Vale-Transporte⁽⁵⁾ | H96: =I96/$I$55 -> 0.013590088 | I96: =I103 -> 47.34
A97: 4 | B97: Adicional Intervalar | H97: =I97/$I$55 -> 0.064914634 | I97: =IF(I28="Não aplicável",0,((I10/H10)*1.5*I28)) -> 226.125
A98: 5 | B98: Outros | H98: =I98/$I$55 -> 0.022965929 | I98: =IF(I23="Não aplicável",0,I23) -> 80
A99: Total do Grupo VI | H99: =SUM(H94:H98) -> 0.215152 | I99: =SUM(I94:I98) -> 749.465
A101: MEMÓRIA DE CÁLCULO DO VALE TRANSPORTE
A102: Valor Unitário | C102: Dias de Trabalho | D102: Vale p/dia | E102: Custo total | F102: Base de cálculo | G102: Percentual de desconto | H102: Valor desconto | I102: Custo efetivo
A103: =IF(I14="Não aplicável",0,I14) -> 6 | C103: =IF(I15="Não aplicável",0,I15) -> 15 | D103: 2 | E103: =A103*C103*D103 -> 180 | F103: =I37 -> 2211 | G103: =IF(I16="Não aplicável",0,I16) -> 0.06 | H103: =F103*G103 -> 132.66 | I103: =IF((E103-H103)>0,E103-H103,0) -> 47.34
A105: MEMÓRIA DE CÁLCULO DO VALE LANCHE
A106: Valor Unitário | C106: Dias por mês | D106: Vale p/dia | E106: Custo total | F106: Base de cálculo | G106: Percentual de desconto | H106: Valor desconto | I106: Custo efetivo
A107: =IF(I20="Não aplicável",0,I20) -> 0 | C107: =IF(I21="Não aplicável",0,I21) -> 0 | D107: 1 | E107: =A107*C107*D107 -> 0 | F107: =E107 -> 0 | G107: =IF(I22="Não aplicável",0,I22) -> 0 | H107: =F107*G107 -> 0 | I107: =E107-H107 -> 0
A109: MEMÓRIA DE CÁLCULO DO VALE ALIMENTAÇÃO
...

Sheet Equipamentos
A1: ATENÇÃO: SOMENTE PREENCHER QUANDO HOUVER FORNECIMENTO DE MATERIAIS E/OU EQUIPAMENTOS (NÃO INCLUÍDO EPIs E UNIFORMES)
A2: PLANILHA DE MATERIAIS E EQUIPAMENTOS A SER PREENCHIDA PELO LICITANTE COM BASE NO TERMO DE REFERÊNCIA (CGL 7.2 DO EDITAL)
A3: Material/Equipamento (não incluir EPIs e uniformes) | B3: Quantidade | C3: Valor unitário | D3: Valor total
A4: Armamento | B4: 6 | C4: 5000
A5: Munição | B5: 96 | C5: =B5*10 -> 960
A6: Cassetete | B6: 6 | C6: 50
A7: Lanterna | B7: 6 | C7: 5
A8: Rádio comunicador | B8: 2 | C8: 100
A9: Caneta-ronda | B9: 6 | C9: 100
A10: Cinto ou colete com coldre e baleiro | B10: 6 | C10: 50
A11: Porta Cassetete | B11: 6 | C11: 30
A12: Apito | B12: =6*4 -> 24 | C12: 5
A13: Cordão de apito | B13: =6*4 -> 24 | C13: 5
A14: Telefone celular | B14: 5 | C14: 500
A15: Livro Registro de ocorrências | B15: 5 | C15: 10
A16: Cofre | B16: 5 | C16: 1000
A17: Relógio ponto biométrico | B17: 5 | C17: 150
A22: VALOR TOTAL MENSAL DE MATERIAIS/EQUIPAMENTOS: | D22: =SUM(D4:D20) -> 0
A24: VALOR MENSAL DE MATERIAIS/EQUIPAMENTOS POR UNIDADE DE TRABALHO: | D24: =D22/12/24 -> 0

Sheet Resumo
A1: Função | B1: Cidade | C1: Carga Horária | D1: Dias da semana | E1: Nº de Postos | F1: Valor total mensal de MATERIAL/EQUIPAMENTO | G1: Valor unitário mensal de retenção para a CONTA VINCULADA | H1: Valor total mensal de retenção para a CONTA VINCULADA | I1: Valor unitário mensal do posto | J1: Valor total mensal do posto
A2: Vigilante Diurno | B2: Porto Alegre | C2: 12x36 | D2: seg-dom | E2: 3 | F2: ='Dia Poa'!I188 -> 0 | G2: =OFFSET(INDIRECT(SUBSTITUTE(_xlfn.FORMULATEXT(I2),"=","")), -3, 0) -> 6730.2918 | H2: =G2*E2 -> 20190.875 | I2: ='Dia Poa'!I194 -> 37744.595 | J2: =I2 -> 37744.595
A3: Vigilante Noturno | B3: Porto Alegre | C3: 12x36 | D3: seg-dom | E3: 3 | F3: ='Noite Poa'!I188 -> 0 | G3: =OFFSET(INDIRECT(SUBSTITUTE(_xlfn.FORMULATEXT(I3),"=","")), -3, 0) -> 8047.1673 | H3: =G3*E3 -> 24141.502 | I3: ='Noite Poa'!I194 -> 44474.482 | J3: =I3 -> 44474.482
A4: Vigilante Diurno | B4: Guaíba | C4: 12x36 | D4: seg-dom | E4: 1 | F4: ='Dia Guaíba'!I188 -> 0 | G4: =OFFSET(INDIRECT(SUBSTITUTE(_xlfn.FORMULATEXT(I4),"=","")), -3, 0) -> 2243.4306 | H4: =G4*E4 -> 2243.4306 | I4: ='Dia Guaíba'!I194 -> 12546.369 | J4: =I4 -> 12546.369
A5: Vigilante Noturno | B5: Guaíba | C5: 12x36 | D5: seg-dom | E5: 1 | F5: ='Noite Guaíba'!I188 -> 0 | G5: =OFFSET(INDIRECT(SUBSTITUTE(_xlfn.FORMULATEXT(I5),"=","")), -3, 0) -> 2682.3891 | H5: =G5*E5 -> 2682.3891 | I5: ='Noite Guaíba'!I194 -> 14789.665 | J5: =I5 -> 14789.665
A6: Vigilante Diurno | B6: Esteio | C6: 12x36 | D6: seg-dom | E6: 1 | F6: ='Dia Esteio'!I188 -> 0 | G6: =OFFSET(INDIRECT(SUBSTITUTE(_xlfn.FORMULATEXT(I6),"=","")), -3, 0) -> 2243.4306 | H6: =G6*E6 -> 2243.4306 | I6: ='Dia Esteio'!I194 -> 12581.532 | J6: =I6 -> 12581.532
A7: Vigilante Noturno | B7: Esteio | C7: 12x36 | D7: seg-dom | E7: 1 | F7: ='Noite Esteio'!I188 -> 0 | G7: =OFFSET(INDIRECT(SUBSTITUTE(_xlfn.FORMULATEXT(I7),"=","")), -3, 0) -> 2682.3891 | H7: =G7*E7 -> 2682.3891 | I7: ='Noite Esteio'!I194 -> 14824.827 | J7: =I7 -> 14824.827
A8: Vigilante Diurno | B8: Lajeado | C8: 12x36 | D8: seg-dom | E8: 1 | F8: ='Dia Lajeado'!I188 -> 0 | G8: =OFFSET(INDIRECT(SUBSTITUTE(_xlfn.FORMULATEXT(I8),"=","")), -3, 0) -> 2243.4306 | H8: =G8*E8 -> 2243.4306 | I8: ='Dia Lajeado'!I194 -> 12626.284 | J8: =I8 -> 12626.284
A9: Vigilante Noturno | B9: Lajeado | C9: 12x36 | D9: seg-dom | E9: 1 | F9: ='Noite Lajeado'!I188 -> 0 | G9: =OFFSET(INDIRECT(SUBSTITUTE(_xlfn.FORMULATEXT(I9),"=","")), -3, 0) -> 2682.3891 | H9: =G9*E9 -> 2682.3891 | I9: ='Noite Lajeado'!I194 -> 14869.58 | J9: =E9*I9 -> 14869.58
A11: TOTAL DE POSTOS: | D11: =SUM(E2:E9) -> 12 | E11: VALOR TOTAL MENSAL DE MATERIAIS/EQUIPAMENTOS: | F11: =SUM(F2:F9) -> 0 | G11: VALOR TOTAL MENSAL PARA RETENÇÃO EM CONTA VINCULADA: | H11: =SUM(H2:H9) -> 59109.836 | I11: PORCENTAGEM CORRESPONDENTE EM RELAÇÃO AO VALOR TOTAL PARA RETENÇÃO EM CONTA VINCULADA: | J11: =H11/J13 -> 0.35942353
A13: VALOR GLOBAL MENSAL: | J13: =SUM(J2:J9) -> 164457.33
